Workbook
Name UNIDADE: MP!$I$3:$I$13

Sheet MENU

Sheet MP
A1: MATERIA PRIMA
A2: Código | B2: Material | C2: Qtd por embalagem | D2: Unidade de Medida | E2: Preço Embalgem | F2: Preço por Unidade | G2: Unidade
A3: 1 | B3: GAZE | C3: 500 | D3: UNID | E3: 33.5 | F3: =IF(E3="","",E3/C3) -> 0.067 | G3: =D3 -> UNID | H3: 1 | I3: CÁPSULAS
A4: 2 | B4: ALGODÃO | C4: 500 | D4: GRAMAS | E4: 16.5 | F4: =IF(E4="","",E4/C4) -> 0.033 | G4: =D4 -> GRAMAS | H4: 2 | I4: CM
A5: 3 | B5: SORO FISIOLOGICO | C5: 500 | D5: ML | E5: 9.9 | F5: =IF(E5="","",E5/C5) -> 0.0198 | G5: =D5 -> ML | H5: 3 | I5: FRASCO
A6: 4 | B6: GEL ULTRASSOM | C6: 5000 | D6: GRAMAS | E6: 24 | F6: =IF(E6="","",E6/C6) -> 0.0048 | G6: =D6 -> GRAMAS | H6: 4 | I6: GRAMAS
A7: 5 | B7: CLOREXIDINA | C7: 2000 | D7: ML | E7: 75 | F7: =IF(E7="","",E7/C7) -> 0.0375 | G7: =D7 -> ML | H7: 5 | I7: KG
A8: 6 | B8: AGUA MICELAR | C8: 200 | D8: ML | E8: 11.9 | F8: =IF(E8="","",E8/C8) -> 0.0595 | G8: =D8 -> ML | H8: 6 | I8: LITRO
A9: 7 | B9: TOUCA | C9: 100 | D9: UNID | E9: 7.5 | F9: =IF(E9="","",E9/C9) -> 0.075 | G9: =D9 -> UNID | H9: 7 | I9: MG
A10: 8 | B10: LUVA | C10: 100 | D10: UNID | E10: 24 | F10: =IF(E10="","",E10/C10) -> 0.24 | G10: =D10 -> UNID
A11: 9 | B11: MÁSCARA | C11: 50 | D11: UNID | E11: 10 | F11: =IF(E11="","",E11/C11) -> 0.2 | G11: =D11 -> UNID | H11: 8 | I11: ML
A12: 10 | B12: MASCARA DESIDRATADA | C12: 50 | D12: UNID | E12: 36.3 | F12: =IF(E12="","",E12/C12) -> 0.726 | G12: =D12 -> UNID | H12: 9 | I12: PCTE
A13: 11 | B13: INDUMAX PLASMA REVERSE CB | C13: 12 | D13: UNID | E13: 112.42 | F13: =IF(E13="","",E13/C13) -> 9.3683333 | G13: =D13 -> UNID | H13: 10 | I13: UNID
A14: 12 | B14: ALCOOL 70% | C14: 1000 | D14: LITRO | E14: 6.5 | F14: =IF(E14="","",E14/C14) -> 0.0065 | G14: =D14 -> LITRO
A15: 13 | B15: AGULHA PARA MICROAGULHAMENTO DERMAPEN | C15: 10 | D15: UNID | E15: 269.9 | F15: =IF(E15="","",E15/C15) -> 26.99 | G15: =D15 -> UNID
A16: 14 | B16: AGULHA PARA MISTURA DE FARMACO | C16: 100 | D16: UNID | E16: 23.6 | F16: =IF(E16="","",E16/C16) -> 0.236 | G16: =D16 -> UNID
A17: 15 | B17: AGULHA PARA INTRADERMOTERAPIA BD | C17: 100 | D17: UNID | E17: 17.73 | F17: =IF(E17="","",E17/C17) -> 0.1773 | G17: =D17 -> UNID
A18: 16 | B18: AGULHA PARA ACUPUNTURA | C18: 1000 | D18: UNID | E18: 135 | F18: =IF(E18="","",E18/C18) -> 0.135 | G18: =D18 -> UNID
A19: 17 | B19: SERINGA DE 1 ML | C19: 100 | D19: UNID | E19: 26.5 | F19: =IF(E19="","",E19/C19) -> 0.265 | G19: =D19 -> UNID
A20: 18 | B20: SERINGA DE 3 ML | C20: 100 | D20: UNID | E20: 18.72 | F20: =IF(E20="","",E20/C20) -> 0.1872 | G20: =D20 -> UNID
A21: 19 | B21: SERINGA DE 10 ML | C21: 250 | D21: UNID | E21: 95 | F21: =IF(E21="","",E21/C21) -> 0.38 | G21: =D21 -> UNID
A22: 20 | B22: PAPEL TOALHA | C22: 1000 | D22: PCTE | E22: 24 | F22: =IF(E22="","",E22/C22) -> 0.024 | G22: =D22 -> PCTE
A23: 21 | B23: PAPEL LENÇOL | C23: 5000 | D23: CM | E23: 15 | F23: =IF(E23="","",E23/C23) -> 0.003 | G23: =D23 -> CM
A24: 22 | B24: CREME DE MASSAGEM TRADICIONAL 950G FB | C24: 950 | D24: GRAMAS | E24: 33.34 | F24: =IF(E24="","",E24/C24) -> 0.035094737 | G24: =D24 -> GRAMAS
A25: 23 | B25: CREME DE MASSAGEM DETOX GOMAGEM FB | C25: 500 | D25: GRAMAS | E25: 30.4 | F25: =IF(E25="","",E25/C25) -> 0.0608 | G25: =D25 -> GRAMAS
... A78: 76 | B78: AGULHA DE ELETROLIPOLISE | C78: 100 | D78: UNID | E78: 192 | F78: =IF(E78="","",E78/C78) -> 1.92 | G78: =D78 -> UNID
A79: 77 | F79: =IF(E79="","",E79/C79) | G79: =D79 -> 0
A80: 78 | B80: PAPEL INSUFILME | C80: 3800 | D80: CM | E80: 11.99 | F80: =IF(E80="","",E80/C80) -> 0.0031552632 | G80: =D80 -> CM
A81: 79 | B81: MED SONDA | C81: 1 | D81: UNID | E81: 6.56 | F81: =IF(E81="","",E81/C81) -> 6.56 | G81: =D81 -> UNID
A82: 80 | B82: ANPOLA DE VITAMINA C | C82: 20 | D82: UNID | E82: 142.43 | F82: =IF(E82="","",E82/C82) -> 7.1215 | G82: =D82 -> UNID
A83: 81 | B83: BIO- EXELLENCE C | C83: 15 | D83: GRAMAS | E83: 84 | F83: =IF(E83="","",E83/C83) -> 5.6 | G83: =D83 -> GRAMAS
A84: 82 | B84: BIO- PEELING QUIMICO ACIDO GLICOLICO | C84: 60 | D84: ML | E84: 126 | F84: =IF(E84="","",E84/C84) -> 2.1 | G84: =D84 -> ML
A85: 83 | B85: AGULHA HIPODERMICA 07X25 | C85: 100 | D85: UNID | E85: 45 | F85: =IF(E85="","",E85/C85) -> 0.45 | G85: =D85 -> UNID
A86: 84 | B86: SABONETE DE VITAMINA C | C86: 120 | D86: ML | E86: 53 | F86: =IF(E86="","",E86/C86) -> 0.44166667 | G86: =D86 -> ML
A87: 85 | B87: BIO - CLEAN SYSTEM CREME EMOLIENTE | C87: 60 | D87: GRAMAS | E87: 57 | F87: =IF(E87="","",E87/C87) -> 0.95 | G87: =D87 -> GRAMAS
A88: 86 | B88: BIO - CLEAN SYSTEM GEL ESFOLIANTE | C88: 150 | D88: GRAMAS | E88: 82 | F88: =IF(E88="","",E88/C88) -> 0.54666667 | G88: =D88 -> GRAMAS
A89: 87 | B89: BIO - CLEAN SYSTEM LOÇÃO TONICA | C89: 350 | D89: ML | E89: 63 | F89: =IF(E89="","",E89/C89) -> 0.18 | G89: =D89 -> ML
A90: 88 | B90: BIO - CLEAN SYSTEM MASACRA DE BETA GLUCAN | C90: 250 | D90: GRAMAS | E90: 70 | F90: =IF(E90="","",E90/C90) -> 0.28 | G90: =D90 -> GRAMAS
A91: 89 | B91: BIO - CLEAN SYSTEM PÓS EXTRAÇÃO | C91: 60 | D91: ML | E91: 80 | F91: =IF(E91="","",E91/C91) -> 1.3333333 | G91: =D91 -> ML
A92: 90 | B92: BIO - CLEAN SYSTEM TRIETA CONCENTRADA | C92: 500 | D92: ML | E92: 45 | F92: =IF(E92="","",E92/C92) -> 0.09 | G92: =D92 -> ML
A93: 91 | F93: =IF(E93="","",E93/C93) | G93: =D93 -> 0
A94: 92 | F94: =IF(E94="","",E94/C94) | G94: =D94 -> 0
A95: 93 | F95: =IF(E95="","",E95/C95) | G95: =D95 -> 0
A96: 94 | F96: =IF(E96="","",E96/C96) | G96: =D96 -> 0
A97: 95 | F97: =IF(E97="","",E97/C97) | G97: =D97 -> 0
A98: 96 | F98: =IF(E98="","",E98/C98) | G98: =D98 -> 0
A99: 98 | F99: =IF(E99="","",E99/C99) | G99: =D99 -> 0
A100: 99 | F100: =IF(E100="","",E100/C100) | G100: =D100 -> 0
A101: 100 | F101: =IF(E101="","",E101/C101) | G101: =D101 -> 0
A102: 101 | F102: =IF(E102="","",E102/C102) | G102: =D102 -> 0
A103: 102 | F103: =IF(E103="","",E103/C103) | G103: =D103 -> 0
A104: 103 | F104: =IF(E104="","",E104/C104) | G104: =D104 -> 0
... A653: 650 | F653: =IF(E653="","",E653/C653) | G653: =D653 -> 0

Sheet PROD. REVENDA
A1: REVENDA DE PRODUTOS
A2: Código | B2: Material | C2: UND | D2: Preço Custo | E2: Preço de Venda | F2: % MC
A3: 1 | B3: CELLU SHOK | C3: CM | D3: 55 | E3: 75 | F3: =IF(E3="","",((E3-D3)/E3)) -> 0.26666667
A4: 2 | B4: BODY REDUX CREME | D4: 55 | E4: 80 | F4: =IF(E4="","",((E4-D4)/E4)) -> 0.3125
A5: 3 | B5: BLUR HD COM COR | D5: 92 | E5: 130 | F5: =IF(E5="","",((E5-D5)/E5)) -> 0.29230769
A6: 4 | B6: MELANOSE PREMIUM COSMOBEAUTY | D6: 155.94 | E6: 200 | F6: =IF(E6="","",((E6-D6)/E6)) -> 0.2203
A7: 5 | B7: PROTETOR VULCANICE COSMOBEAUTY | D7: 51.54 | E7: 81 | F7: =IF(E7="","",((E7-D7)/E7)) -> 0.3637037
A8: 6 | B8: SABONETE MOUSSE PLASTIC CLAREANCE COSMOBEAUTY | D8: 52 | E8: 80 | F8: =IF(E8="","",((E8-D8)/E8)) -> 0.35
A9: 7 | B9: SABONTE MOUSSE ANTI-OX COSMOBEAUTY | D9: 52 | E9: 80 | F9: =IF(E9="","",((E9-D9)/E9)) -> 0.35
A10: 8 | B10: ESPUMA DE LIMPEZA VULCANICE | D10: 52 | E10: 80 | F10: =IF(E10="","",((E10-D10)/E10)) -> 0.35
A11: 9 | B11: LOÇÃO TÔNICA BIO-C BIOAGE | E11: 70 | F11: =IF(E11="","",((E11-D11)/E11)) -> 1
A12: 10 | B12: REST-DERM COSMOBEAUTY | D12: 91.74 | E12: 130 | F12: =IF(E12="","",((E12-D12)/E12)) -> 0.29430769
A13: 11 | B13: DMAE CREME ANTI-RUGAS BOTHANICA | D13: 80 | E13: 120 | F13: =IF(E13="","",((E13-D13)/E13)) -> 0.33333333
A14: 12 | F14: =IF(E14="","",((E14-D14)/E14))
A15: 13 | F15: =IF(E15="","",((E15-D15)/E15))
A16: 14 | F16: =IF(E16="","",((E16-D16)/E16))
A17: 15 | F17: =IF(E17="","",((E17-D17)/E17))
A18: 16 | F18: =IF(E18="","",((E18-D18)/E18))
A19: 17 | F19: =IF(E19="","",((E19-D19)/E19))
A20: 18 | F20: =IF(E20="","",((E20-D20)/E20))
A21: 19 | F21: =IF(E21="","",((E21-D21)/E21))
A22: 20 | F22: =IF(E22="","",((E22-D22)/E22))
A23: 21 | F23: =IF(E23="","",((E23-D23)/E23))
A24: 22 | F24: =IF(E24="","",((E24-D24)/E24))
A25: 23 | F25: =IF(E25="","",((E25-D25)/E25))
... A283: 281 | F283: =IF(E283="","",((E283-D283)/E283))

Sheet EQUIPAMENTOS
A2: ATIVOS
A6: ESTIMATIVA DOS CUSTOS COM DEPRECIAÇÃO
C8: TOTAL DEPRECIAÇÃO | D8: =SUBTOTAL(9,D11:D59) -> 177363.55 | F8: =SUBTOTAL(9,F11:F59) -> 35472.71 | G8: =SUBTOTAL(9,G11:G59) -> 0.27992985 | H8: =SUBTOTAL(9,H11:H59) -> 2956.0592
A10: ESTIMATIVA DOS CUSTOS COM DEPRECIAÇÃO | B10: 1 | C10: VIBRIA ULTRASSOM | D10: 11390 | E10: 5 | F10: =IF(D10="","",D10/E10) -> 2278 | G10: Valor p/ Minuto | H10: MÊS | I10: =(22*8)*60 -> 10560
B11: 2 | C11: ETHERNIA COLD FREQUENCIA CRIOTERAPIA | D11: 25900 | E11: 5 | F11: =IF(D11="","",D11/E11) -> 5180 | G11: =IF(F11="","",((F11/12)/$I$10)) -> 0.040877525 | H11: =IF(F11="","",F11/12) -> 431.66667
B12: 3 | C12: NARNIAH | D12: 24900 | E12: 5 | F12: =IF(D12="","",D12/E12) -> 4980 | G12: =IF(F12="","",((F12/12)/$I$10)) -> 0.039299242 | H12: =IF(F12="","",F12/12) -> 415
B13: 4 | C13: STIMULUS | D13: 3490 | E13: 5 | F13: =IF(D13="","",D13/E13) -> 698 | G13: =IF(F13="","",((F13/12)/$I$10)) -> 0.0055082071 | H13: =IF(F13="","",F13/12) -> 58.166667
B14: 5 | C14: ULTRAFOCUS ULTRASSOM FOCALIZADO | D14: 9790 | E14: 5 | F14: =IF(D14="","",D14/E14) -> 1958 | G14: =IF(F14="","",((F14/12)/$I$10)) -> 0.015451389 | H14: =IF(F14="","",F14/12) -> 163.16667
B15: 6 | C15: PLURIA HTM | D15: 6890 | E15: 5 | F15: =IF(D15="","",D15/E15) -> 1378 | G15: =IF(F15="","",((F15/12)/$I$10)) -> 0.010874369 | H15: =IF(F15="","",F15/12) -> 114.83333
B16: 7 | C16: CILINDRO DIOXIDO | D16: 1199 | E16: 5 | F16: =IF(D16="","",D16/E16) -> 239.8 | G16: =IF(F16="","",((F16/12)/$I$10)) -> 0.0018923611 | H16: =IF(F16="","",F16/12) -> 19.983333
B17: 8 | C17: DERMO CRYSTAL | D17: 6290 | E17: 5 | F17: =IF(D17="","",D17/E17) -> 1258 | G17: =IF(F17="","",((F17/12)/$I$10)) -> 0.009927399 | H17: =IF(F17="","",F17/12) -> 104.83333
B18: 9 | C18: VENUS DELTA MMO | D18: 8900 | E18: 5 | F18: =IF(D18="","",D18/E18) -> 1780 | G18: =IF(F18="","",((F18/12)/$I$10)) -> 0.014046717 | H18: =IF(F18="","",F18/12) -> 148.33333
B19: 10 | C19: NEW SKIN | D19: 4650 | E19: 5 | F19: =IF(D19="","",D19/E19) -> 930 | G19: =IF(F19="","",((F19/12)/$I$10)) -> 0.0073390152 | H19: =IF(F19="","",F19/12) -> 77.5
B20: 11 | C20: CRIODERMIS MEDICAL | D20: 49900 | E20: 5 | F20: =IF(D20="","",D20/E20) -> 9980 | G20: =IF(F20="","",((F20/12)/$I$10)) -> 0.078756313 | H20: =IF(F20="","",F20/12) -> 831.66667
B21: 12 | C21: AUTOCLAVE DIGITAL | D21: 2789 | E21: 5 | F21: =IF(D21="","",D21/E21) -> 557.8 | G21: =IF(F21="","",((F21/12)/$I$10)) -> 0.0044018308 | H21: =IF(F21="","",F21/12) -> 46.483333
B22: 13 | C22: BEAUTY STEAM 120V - VAPOR DE OZÔNIO | D22: 1390 | E22: 5 | F22: =IF(D22="","",D22/E22) -> 278 | G22: =IF(F22="","",((F22/12)/$I$10)) -> 0.0021938131 | H22: =IF(F22="","",F22/12) -> 23.166667
... B46: 37 | C46: VIBRIA TERAPIA COMBINADA | D46: 11390 | E46: 5 | F46: =IF(D46="","",D46/E46) -> 2278 | G46: =IF(F46="","",((F46/12)/$I$10)) -> 0.017976641 | H46: =IF(F46="","",F46/12) -> 189.83333
B47: 37 | F47: =IF(D47="","",D47/E47) | G47: =IF(F47="","",((F47/12)/$I$10)) | H47: =IF(F47="","",F47/12)
B48: 38 | F48: =IF(D48="","",D48/E48) | G48: =IF(F48="","",((F48/12)/$I$10)) | H48: =IF(F48="","",F48/12)
B49: 39 | F49: =IF(D49="","",D49/E49) | G49: =IF(F49="","",((F49/12)/$I$10)) | H49: =IF(F49="","",F49/12)
B50: 40 | F50: =IF(D50="","",D50/E50) | G50: =IF(F50="","",((F50/12)/$I$10)) | H50: =IF(F50="","",F50/12)
B51: 41 | F51: =IF(D51="","",D51/E51) | G51: =IF(F51="","",((F51/12)/$I$10)) | H51: =IF(F51="","",F51/12)
B52: 42 | F52: =IF(D52="","",D52/E52) | G52: =IF(F52="","",((F52/12)/$I$10)) | H52: =IF(F52="","",F52/12)
B53: 43 | F53: =IF(D53="","",D53/E53) | G53: =IF(F53="","",((F53/12)/$I$10)) | H53: =IF(F53="","",F53/12)
B54: 44 | F54: =IF(D54="","",D54/E54) | G54: =IF(F54="","",((F54/12)/$I$10)) | H54: =IF(F54="","",F54/12)
B55: 45 | F55: =IF(D55="","",D55/E55) | G55: =IF(F55="","",((F55/12)/$I$10)) | H55: =IF(F55="","",F55/12)
B56: 46 | F56: =IF(D56="","",D56/E56) | G56: =IF(F56="","",((F56/12)/$I$10)) | H56: =IF(F56="","",F56/12)
B57: 47 | F57: =IF(D57="","",D57/E57) | G57: =IF(F57="","",((F57/12)/$I$10)) | H57: =IF(F57="","",F57/12)
B58: 48 | F58: =IF(D58="","",D58/E58) | G58: =IF(F58="","",((F58/12)/$I$10)) | H58: =IF(F58="","",F58/12)
B59: 49 | F59: =IF(D59="","",D59/E59) | G59: =IF(F59="","",((F59/12)/$I$10)) | H59: =IF(F59="","",F59/12)
B60: 50 | C60: EQUIPAMENTOS | D60: Valor Locação | E60: Tempo Locação (horas) | F60: Minutos | G60: Valor p/ MINUTO
A61: ESTIMATIVA DOS CUSTOS COM LOCAÇÃO | B61: 51 | C61: LASER LIGHT SHEER | D61: 1000 | E61: 12 | F61: =IF(E61="","",E61*60) -> 720 | G61: =IF(D61="","",D61/F61) -> 1.3888889
B62: 52 | F62: =IF(E62="","",E62*60) | G62: =IF(D62="","",D62/F62)
B63: 53 | F63: =IF(E63="","",E63*60) | G63: =IF(D63="","",D63/F63)
B64: 54 | F64: =IF(E64="","",E64*60) | G64: =IF(D64="","",D64/F64)
B65: 55 | F65: =IF(E65="","",E65*60) | G65: =IF(D65="","",D65/F65)
B66: 56 | F66: =IF(E66="","",E66*60) | G66: =IF(D66="","",D66/F66)
B67: 57 | F67: =IF(E67="","",E67*60) | G67: =IF(D67="","",D67/F67)
B68: 58 | F68: =IF(E68="","",E68*60) | G68: =IF(D68="","",D68/F68)
B69: 59 | F69: =IF(E69="","",E69*60) | G69: =IF(D69="","",D69/F69)
B70: 60 | F70: =IF(E70="","",E70*60) | G70: =IF(D70="","",D70/F70)
B71: 61 | F71: =IF(E71="","",E71*60) | G71: =IF(D71="","",D71/F71)
B72: 62 | F72: =IF(E72="","",E72*60) | G72: =IF(D72="","",D72/F72)
B73: 63 | F73: =IF(E73="","",E73*60) | G73: =IF(D73="","",D73/F73)
... B79: 69 | F79: =IF(E79="","",E79*60) | G79: =IF(D79="","",D79/F79)
B80: 70 | F80: =IF(E80="","",E80*60) | G80: =IF(E80="","",D80/F80)
B81: 71 | F81: =IF(E81="","",E81*60) | G81: =IF(E81="","",D81/F81)
B82: 72 | F82: =IF(E82="","",E82*60) | G82: =IF(E82="","",D82/F82)
B83: 73 | F83: =IF(E83="","",E83*60) | G83: =IF(E83="","",D83/F83)
B84: 74 | F84: =IF(E84="","",E84*60) | G84: =IF(E84="","",D84/F84)
B85: 75 | F85: =IF(E85="","",E85*60) | G85: =IF(E85="","",D85/F85)
B86: 76 | F86: =IF(E86="","",E86*60) | G86: =IF(E86="","",D86/F86)
B87: 77 | F87: =IF(E87="","",E87*60) | G87: =IF(E87="","",D87/F87)
B88: 78 | F88: =IF(E88="","",E88*60) | G88: =IF(E88="","",D88/F88)
B89: 79 | F89: =IF(E89="","",E89*60) | G89: =IF(E89="","",D89/F89)
B90: 80 | F90: =IF(E90="","",E90*60) | G90: =IF(E90="","",D90/F90)

Sheet SERVIÇOS
A1: SERVIÇOS
A4: 11 | B4: LIMPEZA DE PELE | H4: CRIOLIPOLISE DE PLACAS
B5: Cód | C5: PRODUTO | D5: UND | E5: Quant. | F5: Valor | H5: Cód | I5: PRODUTO | J5: UND | K5: Quant. | L5: Valor
B6: 9 | C6: =IF(B6="","",VLOOKUP(B6,MP!$A$3:$G$801,2,FALSE)) -> MÁSCARA | D6: =IF(B6="","",VLOOKUP(B6,MP!$A$3:$G$801,7,FALSE)) -> UNID | E6: 1 | F6: =IF(B6="","",VLOOKUP(B6,MP!$A$3:$G$801,6,FALSE)*E6) -> 0.2 | H6: 9 | I6: =IF(H6="","",VLOOKUP(H6,MP!$A$3:$G$801,2,FALSE)) -> MÁSCARA | J6: =IF(H6="","",VLOOKUP(H6,MP!$A$3:$G$801,7,FALSE)) -> UNID | K6: 1 | L6: =IF(H6="","",VLOOKUP(H6,MP!$A$3:$G$801,6,FALSE)*K6) -> 0.2
B7: 12 | C7: =IF(B7="","",VLOOKUP(B7,MP!$A$3:$G$801,2,FALSE)) -> ALCOOL 70% | D7: =IF(B7="","",VLOOKUP(B7,MP!$A$3:$G$801,7,FALSE)) -> LITRO | E7: 3 | F7: =IF(B7="","",VLOOKUP(B7,MP!$A$3:$G$801,6,FALSE)*E7) -> 0.0195 | H7: 12 | I7: =IF(H7="","",VLOOKUP(H7,MP!$A$3:$G$801,2,FALSE)) -> ALCOOL 70% | J7: =IF(H7="","",VLOOKUP(H7,MP!$A$3:$G$801,7,FALSE)) -> LITRO | K7: 2 | L7: =IF(H7="","",VLOOKUP(H7,MP!$A$3:$G$801,6,FALSE)*K7) -> 0.013
B8: 1 | C8: =IF(B8="","",VLOOKUP(B8,MP!$A$3:$G$801,2,FALSE)) -> GAZE | D8: =IF(B8="","",VLOOKUP(B8,MP!$A$3:$G$801,7,FALSE)) -> UNID | E8: 10 | F8: =IF(B8="","",VLOOKUP(B8,MP!$A$3:$G$801,6,FALSE)*E8) -> 0.67 | H8: 5 | I8: =IF(H8="","",VLOOKUP(H8,MP!$A$3:$G$801,2,FALSE)) -> CLOREXIDINA | J8: =IF(H8="","",VLOOKUP(H8,MP!$A$3:$G$801,7,FALSE)) -> ML | K8: 31 | L8: =IF(H8="","",VLOOKUP(H8,MP!$A$3:$G$801,6,FALSE)*K8) -> 1.1625
B9: 20 | C9: =IF(B9="","",VLOOKUP(B9,MP!$A$3:$G$801,2,FALSE)) -> PAPEL TOALHA | D9: =IF(B9="","",VLOOKUP(B9,MP!$A$3:$G$801,7,FALSE)) -> PCTE | E9: 10 | F9: =IF(B9="","",VLOOKUP(B9,MP!$A$3:$G$801,6,FALSE)*E9) -> 0.24 | H9: 20 | I9: =IF(H9="","",VLOOKUP(H9,MP!$A$3:$G$801,2,FALSE)) -> PAPEL TOALHA | J9: =IF(H9="","",VLOOKUP(H9,MP!$A$3:$G$801,7,FALSE)) -> PCTE | K9: 25 | L9: =IF(H9="","",VLOOKUP(H9,MP!$A$3:$G$801,6,FALSE)*K9) -> 0.6
B10: 21 | C10: =IF(B10="","",VLOOKUP(B10,MP!$A$3:$G$801,2,FALSE)) -> PAPEL LENÇOL | D10: =IF(B10="","",VLOOKUP(B10,MP!$A$3:$G$801,7,FALSE)) -> CM | E10: 200 | F10: =IF(B10="","",VLOOKUP(B10,MP!$A$3:$G$801,6,FALSE)*E10) -> 0.6 | H10: 21 | I10: =IF(H10="","",VLOOKUP(H10,MP!$A$3:$G$801,2,FALSE)) -> PAPEL LENÇOL | J10: =IF(H10="","",VLOOKUP(H10,MP!$A$3:$G$801,7,FALSE)) -> CM | K10: 200 | L10: =IF(H10="","",VLOOKUP(H10,MP!$A$3:$G$801,6,FALSE)*K10) -> 0.6
B11: 8 | C11: =IF(B11="","",VLOOKUP(B11,MP!$A$3:$G$801,2,FALSE)) -> LUVA | D11: =IF(B11="","",VLOOKUP(B11,MP!$A$3:$G$801,7,FALSE)) -> UNID | E11: 2 | F11: =IF(B11="","",VLOOKUP(B11,MP!$A$3:$G$801,6,FALSE)*E11) -> 0.48 | H11: 8 | I11: =IF(H11="","",VLOOKUP(H11,MP!$A$3:$G$801,2,FALSE)) -> LUVA | J11: =IF(H11="","",VLOOKUP(H11,MP!$A$3:$G$801,7,FALSE)) -> UNID | K11: 4 | L11: =IF(H11="","",VLOOKUP(H11,MP!$A$3:$G$801,6,FALSE)*K11) -> 0.96
B12: 5 | C12: =IF(B12="","",VLOOKUP(B12,MP!$A$3:$G$801,2,FALSE)) -> CLOREXIDINA | D12: =IF(B12="","",VLOOKUP(B12,MP!$A$3:$G$801,7,FALSE)) -> ML | E12: 5 | F12: =IF(B12="","",VLOOKUP(B12,MP!$A$3:$G$801,6,FALSE)*E12) -> 0.1875 | H12: 26 | I12: =IF(H12="","",VLOOKUP(H12,MP!$A$3:$G$801,2,FALSE)) -> CREME MASSAGEM TERMOLIPO FB | J12: =IF(H12="","",VLOOKUP(H12,MP!$A$3:$G$801,7,FALSE)) -> GRAMAS | K12: 8 | L12: =IF(H12="","",VLOOKUP(H12,MP!$A$3:$G$801,6,FALSE)*K12) -> 0.33692632
F13: =IF(B13="","",VLOOKUP(B13,MP!$A$3:$G$801,6,FALSE)*E13) | H13: 64 | I13: =IF(H13="","",VLOOKUP(H13,MP!$A$3:$G$801,2,FALSE)) -> MENBRANA ANTICOAGULANTE CRIOLIPOLISE | J13: =IF(H13="","",VLOOKUP(H13,MP!$A$3:$G$801,7,FALSE)) -> UNID | K13: 2 | L13: =IF(H13="","",VLOOKUP(H13,MP!$A$3:$G$801,6,FALSE)*K13) -> 40
B14: 87 | C14: =IF(B14="","",VLOOKUP(B14,MP!$A$3:$G$801,2,FALSE)) -> BIO - CLEAN SYSTEM LOÇÃO TONICA | D14: =IF(B14="","",VLOOKUP(B14,MP!$A$3:$G$801,7,FALSE)) -> ML | E14: 4 | F14: =IF(B14="","",VLOOKUP(B14,MP!$A$3:$G$801,6,FALSE)*E14) -> 0.72 | H14: 78 | I14: =IF(H14="","",VLOOKUP(H14,MP!$A$3:$G$801,2,FALSE)) -> PAPEL INSUFILME | J14: =IF(H14="","",VLOOKUP(H14,MP!$A$3:$G$801,7,FALSE)) -> CM | K14: 200 | L14: =IF(H14="","",VLOOKUP(H14,MP!$A$3:$G$801,6,FALSE)*K14) -> 0.63105263
B15: 88 | C15: =IF(B15="","",VLOOKUP(B15,MP!$A$3:$G$801,2,FALSE)) -> BIO - CLEAN SYSTEM MASACRA DE BETA GLUCAN | D15: =IF(B15="","",VLOOKUP(B15,MP!$A$3:$G$801,7,FALSE)) -> GRAMAS | E15: 6 | F15: =IF(B15="","",VLOOKUP(B15,MP!$A$3:$G$801,6,FALSE)*E15) -> 1.68 | H15: 28 | I15: =IF(H15="","",VLOOKUP(H15,MP!$A$3:$G$801,2,FALSE)) -> GEL REDUTOR FB | J15: =IF(H15="","",VLOOKUP(H15,MP!$A$3:$G$801,7,FALSE)) -> GRAMAS | K15: 5 | L15: =IF(H15="","",VLOOKUP(H15,MP!$A$3:$G$801,6,FALSE)*K15) -> 0.2208
B16: 89 | C16: =IF(B16="","",VLOOKUP(B16,MP!$A$3:$G$801,2,FALSE)) -> BIO - CLEAN SYSTEM PÓS EXTRAÇÃO | D16: =IF(B16="","",VLOOKUP(B16,MP!$A$3:$G$801,7,FALSE)) -> ML | E16: 1 | F16: =IF(B16="","",VLOOKUP(B16,MP!$A$3:$G$801,6,FALSE)*E16) -> 1.3333333 | H16: 24 | I16: =IF(H16="","",VLOOKUP(H16,MP!$A$3:$G$801,2,FALSE)) -> GEL MIX DE PIMENTA 500G FB | J16: =IF(H16="","",VLOOKUP(H16,MP!$A$3:$G$801,7,FALSE)) -> GRAMAS | K16: 6 | L16: =IF(H16="","",VLOOKUP(H16,MP!$A$3:$G$801,6,FALSE)*K16) -> 0.39876
B17: 90 | C17: =IF(B17="","",VLOOKUP(B17,MP!$A$3:$G$801,2,FALSE)) -> BIO - CLEAN SYSTEM TRIETA CONCENTRADA | D17: =IF(B17="","",VLOOKUP(B17,MP!$A$3:$G$801,7,FALSE)) -> ML | E17: 1 | F17: =IF(B17="","",VLOOKUP(B17,MP!$A$3:$G$801,6,FALSE)*E17) -> 0.09 | H17: 27 | I17: =IF(H17="","",VLOOKUP(H17,MP!$A$3:$G$801,2,FALSE)) -> FLUIDO TERMOLIPO FB | J17: =IF(H17="","",VLOOKUP(H17,MP!$A$3:$G$801,7,FALSE)) -> ML | K17: 1 | L17: =IF(H17="","",VLOOKUP(H17,MP!$A$3:$G$801,6,FALSE)*K17) -> 0.11975
B18: 86 | C18: =IF(B18="","",VLOOKUP(B18,MP!$A$3:$G$801,2,FALSE)) -> BIO - CLEAN SYSTEM GEL ESFOLIANTE | D18: =IF(B18="","",VLOOKUP(B18,MP!$A$3:$G$801,7,FALSE)) -> GRAMAS | E18: 3 | F18: =IF(B18="","",VLOOKUP(B18,MP!$A$3:$G$801,6,FALSE)*E18) -> 1.64 | I18: =IF(H18="","",VLOOKUP(H18,MP!$A$3:$G$801,2,FALSE)) | J18: =IF(H18="","",VLOOKUP(H18,MP!$A$3:$G$801,7,FALSE)) | L18: =IF(H18="","",VLOOKUP(H18,MP!$A$3:$G$801,6,FALSE)*K18)
B19: 47 | C19: =IF(B19="","",VLOOKUP(B19,MP!$A$3:$G$801,2,FALSE)) -> BIO - ACNE SOLUTION FLUIDO SECATIVO TONALIZANTE FPS30 TRANSLUCIDO | D19: =IF(B19="","",VLOOKUP(B19,MP!$A$3:$G$801,7,FALSE)) -> ML | E19: 1 | F19: =IF(B19="","",VLOOKUP(B19,MP!$A$3:$G$801,6,FALSE)*E19) -> 2.3333333 | I19: =IF(H19="","",VLOOKUP(H19,MP!$A$3:$G$801,2,FALSE)) | J19: =IF(H19="","",VLOOKUP(H19,MP!$A$3:$G$801,7,FALSE)) | L19: =IF(H19="","",VLOOKUP(H19,MP!$A$3:$G$801,6,FALSE)*K19)
B20: 33 | C20: =IF(B20="","",VLOOKUP(B20,MP!$A$3:$G$801,2,FALSE)) -> BIO- MASK AGUA | D20: =IF(B20="","",VLOOKUP(B20,MP!$A$3:$G$801,7,FALSE)) -> GRAMAS | E20: 4 | F20: =IF(B20="","",VLOOKUP(B20,MP!$A$3:$G$801,6,FALSE)*E20) -> 2.5333333 | I20: =IF(H20="","",VLOOKUP(H20,MP!$A$3:$G$801,2,FALSE)) | J20: =IF(H20="","",VLOOKUP(H20,MP!$A$3:$G$801,7,FALSE)) | L20: =IF(H20="","",VLOOKUP(H20,MP!$A$3:$G$801,6,FALSE)*K20)
B21: 82 | C21: =IF(B21="","",VLOOKUP(B21,MP!$A$3:$G$801,2,FALSE)) -> BIO- PEELING QUIMICO ACIDO GLICOLICO | D21: =IF(B21="","",VLOOKUP(B21,MP!$A$3:$G$801,7,FALSE)) -> ML | E21: 2 | F21: =IF(B21="","",VLOOKUP(B21,MP!$A$3:$G$801,6,FALSE)*E21) -> 4.2 | I21: =IF(H21="","",VLOOKUP(H21,MP!$A$3:$G$801,2,FALSE)) | J21: =IF(H21="","",VLOOKUP(H21,MP!$A$3:$G$801,7,FALSE)) | L21: =IF(H21="","",VLOOKUP(H21,MP!$A$3:$G$801,6,FALSE)*K21)
C22: =IF(B22="","",VLOOKUP(B22,MP!$A$3:$G$801,2,FALSE)) | D22: =IF(B22="","",VLOOKUP(B22,MP!$A$3:$G$801,7,FALSE)) | F22: =IF(B22="","",VLOOKUP(B22,MP!$A$3:$G$801,6,FALSE)*E22) | I22: =IF(H22="","",VLOOKUP(H22,MP!$A$3:$G$801,2,FALSE)) | J22: =IF(H22="","",VLOOKUP(H22,MP!$A$3:$G$801,7,FALSE)) | L22: =IF(H22="","",VLOOKUP(H22,MP!$A$3:$G$801,6,FALSE)*K22)
C23: =IF(B23="","",VLOOKUP(B23,MP!$A$3:$G$801,2,FALSE)) | D23: =IF(B23="","",VLOOKUP(B23,MP!$A$3:$G$801,7,FALSE)) | F23: =IF(B23="","",VLOOKUP(B23,MP!$A$3:$G$801,6,FALSE)*E23) | I23: =IF(H23="","",VLOOKUP(H23,MP!$A$3:$G$801,2,FALSE)) | J23: =IF(H23="","",VLOOKUP(H23,MP!$A$3:$G$801,7,FALSE)) | L23: =IF(H23="","",VLOOKUP(H23,MP!$A$3:$G$801,6,FALSE)*K23)
C24: =IF(B24="","",VLOOKUP(B24,MP!$A$3:$G$801,2,FALSE)) | D24: =IF(B24="","",VLOOKUP(B24,MP!$A$3:$G$801,7,FALSE)) | F24: =IF(B24="","",VLOOKUP(B24,MP!$A$3:$G$801,6,FALSE)*E24) | I24: =IF(H24="","",VLOOKUP(H24,MP!$A$3:$G$801,2,FALSE)) | J24: =IF(H24="","",VLOOKUP(H24,MP!$A$3:$G$801,7,FALSE)) | L24: =IF(H24="","",VLOOKUP(H24,MP!$A$3:$G$801,6,FALSE)*K24)
C25: =IF(B25="","",VLOOKUP(B25,MP!$A$3:$G$801,2,FALSE)) | D25: =IF(B25="","",VLOOKUP(B25,MP!$A$3:$G$801,7,FALSE)) | F25: =IF(B25="","",VLOOKUP(B25,MP!$A$3:$G$801,6,FALSE)*E25) | I25: =IF(H25="","",VLOOKUP(H25,MP!$A$3:$G$801,2,FALSE)) | J25: =IF(H25="","",VLOOKUP(H25,MP!$A$3:$G$801,7,FALSE)) | L25: =IF(H25="","",VLOOKUP(H25,MP!$A$3:$G$801,6,FALSE)*K25)
B26: Valor Materia Prima | F26: =SUM(F6:F25) -> 16.927 | H26: Valor Materia Prima | L26: =SUM(L6:L25) -> 45.242789
B27: Cód | C27: EQUIPAMENTO | D27: CUSTO | E27: TEMPO | F27: Valor | H27: Cód | I27: EQUIPAMENTO | J27: CUSTO | K27: TEMPO | L27: Valor
B28: 12 | C28: =IF(B28="","",VLOOKUP(B28,EQUIPAMENTOS!$B$11:$G$98,2,FALSE)) -> AUTOCLAVE DIGITAL | D28: =IF(B28="","",VLOOKUP(B28,EQUIPAMENTOS!$B$11:$G$98,6,FALSE)) -> 0.0044018308 | F28: =IF(B28="","",VLOOKUP(B28,EQUIPAMENTOS!$B$11:$G$98,6,FALSE)*E28) -> 0 | H28: 11 | I28: =IF(H28="","",VLOOKUP(H28,EQUIPAMENTOS!$B$11:$G$98,2,FALSE)) -> CRIODERMIS MEDICAL | J28: =IF(H28="","",VLOOKUP(H28,EQUIPAMENTOS!$B$11:$G$98,6,FALSE)) -> 0.078756313 | L28: =IF(H28="","",VLOOKUP(H28,EQUIPAMENTOS!$B$11:$G$98,6,FALSE)*K28) -> 0
B29: 23 | C29: =IF(B29="","",VLOOKUP(B29,EQUIPAMENTOS!$B$11:$G$98,2,FALSE)) -> KIT FACIAL | D29: =IF(B29="","",VLOOKUP(B29,EQUIPAMENTOS!$B$11:$G$98,6,FALSE)) -> 0.00060763889 | F29: =IF(B29="","",VLOOKUP(B29,EQUIPAMENTOS!$B$11:$G$98,6,FALSE)*E29) -> 0 | H29: 25 | I29: =IF(H29="","",VLOOKUP(H29,EQUIPAMENTOS!$B$11:$G$98,2,FALSE)) -> VENTOSA PARA GLUTEO | J29: =IF(H29="","",VLOOKUP(H29,EQUIPAMENTOS!$B$11:$G$98,6,FALSE)) -> 0.0002667298 | L29: =IF(H29="","",VLOOKUP(H29,EQUIPAMENTOS!$B$11:$G$98,6,FALSE)*K29) -> 0
B30: 13 | C30: =IF(B30="","",VLOOKUP(B30,EQUIPAMENTOS!$B$11:$G$98,2,FALSE)) -> BEAUTY STEAM 120V - VAPOR DE OZÔNIO | D30: =IF(B30="","",VLOOKUP(B30,EQUIPAMENTOS!$B$11:$G$98,6,FALSE)) -> 0.0021938131 | F30: =IF(B30="","",VLOOKUP(B30,EQUIPAMENTOS!$B$11:$G$98,6,FALSE)*E30) -> 0 | I30: =IF(H30="","",VLOOKUP(H30,EQUIPAMENTOS!$B$11:$G$98,2,FALSE)) | J30: =IF(H30="","",VLOOKUP(H30,EQUIPAMENTOS!$B$11:$G$98,6,FALSE)) | L30: =IF(H30="","",VLOOKUP(H30,EQUIPAMENTOS!$B$11:$G$98,6,FALSE)*K30)
B31: 33 | C31: BEAUTY FACE ALTA FREQUÊNCIA | D31: =IF(B31="","",VLOOKUP(B31,EQUIPAMENTOS!$B$11:$G$98,6,FALSE)) -> 0.00071006944 | F31: =IF(B31="","",VLOOKUP(B31,EQUIPAMENTOS!$B$11:$G$98,6,FALSE)*E31) -> 0 | I31: =IF(H31="","",VLOOKUP(H31,EQUIPAMENTOS!$B$11:$G$98,2,FALSE)) | J31: =IF(H31="","",VLOOKUP(H31,EQUIPAMENTOS!$B$11:$G$98,6,FALSE)) | L31: =IF(H31="","",VLOOKUP(H31,EQUIPAMENTOS!$B$11:$G$98,6,FALSE)*K31)
C32: =IF(B32="","",VLOOKUP(B32,EQUIPAMENTOS!$B$11:$G$98,2,FALSE)) | D32: =IF(B32="","",VLOOKUP(B32,EQUIPAMENTOS!$B$11:$G$98,6,FALSE)) | F32: =IF(B32="","",VLOOKUP(B32,EQUIPAMENTOS!$B$11:$G$98,6,FALSE)*E32) | I32: =IF(H32="","",VLOOKUP(H32,EQUIPAMENTOS!$B$11:$G$98,2,FALSE)) | J32: =IF(H32="","",VLOOKUP(H32,EQUIPAMENTOS!$B$11:$G$98,6,FALSE)) | L32: =IF(H32="","",VLOOKUP(H32,EQUIPAMENTOS!$B$11:$G$98,6,FALSE)*K32)
C33: =IF(B33="","",VLOOKUP(B33,EQUIPAMENTOS!$B$11:$G$98,2,FALSE)) | D33: =IF(B33="","",VLOOKUP(B33,EQUIPAMENTOS!$B$11:$G$98,6,FALSE)) | F33: =IF(B33="","",VLOOKUP(B33,EQUIPAMENTOS!$B$11:$G$98,6,FALSE)*E33) | I33: =IF(H33="","",VLOOKUP(H33,EQUIPAMENTOS!$B$11:$G$98,2,FALSE)) | J33: =IF(H33="","",VLOOKUP(H33,EQUIPAMENTOS!$B$11:$G$98,6,FALSE)) | L33: =IF(H33="","",VLOOKUP(H33,EQUIPAMENTOS!$B$11:$G$98,6,FALSE)*K33)
C34: =IF(B34="","",VLOOKUP(B34,EQUIPAMENTOS!$B$11:$G$98,2,FALSE)) | D34: =IF(B34="","",VLOOKUP(B34,EQUIPAMENTOS!$B$11:$G$98,6,FALSE)) | F34: =IF(B34="","",VLOOKUP(B34,EQUIPAMENTOS!$B$11:$G$98,6,FALSE)*E34) | I34: =IF(H34="","",VLOOKUP(H34,EQUIPAMENTOS!$B$11:$G$98,2,FALSE)) | J34: =IF(H34="","",VLOOKUP(H34,EQUIPAMENTOS!$B$11:$G$98,6,FALSE)) | L34: =IF(H34="","",VLOOKUP(H34,EQUIPAMENTOS!$B$11:$G$98,6,FALSE)*K34)
B35: Valor Equipamentos | F35: =SUM(F28:F34) -> 0 | H35: Valor Equipamentos | L35: =SUM(L28:L34) -> 0
B36: Valor Total | F36: =+F26+F35 -> 16.927 | H36: Valor Total | L36: =+L26+L35 -> 45.242789
A39: 12 | B39: DETOX INFRA- RED | H39: POWER MODELADORA
B40: Cód | C40: PRODUTO | D40: UND | E40: Quant. | F40: Valor | H40: Cód | I40: PRODUTO | J40: UND | K40: Quant. | L40: Valor
B41: 8 | C41: =IF(B41="","",VLOOKUP(B41,MP!$A$3:$G$801,2,FALSE)) -> LUVA | D41: =IF(B41="","",VLOOKUP(B41,MP!$A$3:$G$801,7,FALSE)) -> UNID | E41: 2 | F41: =IF(B41="","",VLOOKUP(B41,MP!$A$3:$G$801,6,FALSE)*E41) -> 0.48 | H41: 8 | I41: =IF(H41="","",VLOOKUP(H41,MP!$A$3:$G$801,2,FALSE)) -> LUVA | J41: =IF(H41="","",VLOOKUP(H41,MP!$A$3:$G$801,7,FALSE)) -> UNID | K41: 2 | L41: =IF(H41="","",VLOOKUP(H41,MP!$A$3:$G$801,6,FALSE)*K41) -> 0.48
B42: 25 | C42: =IF(B42="","",VLOOKUP(B42,MP!$A$3:$G$801,2,FALSE)) -> CREME ESFOLIANTE FONTE BRASIL | D42: =IF(B42="","",VLOOKUP(B42,MP!$A$3:$G$801,7,FALSE)) -> GRAMAS | E42: 6 | F42: =IF(B42="","",VLOOKUP(B42,MP!$A$3:$G$801,6,FALSE)*E42) -> 0.25288421 | H42: 25 | I42: =IF(H42="","",VLOOKUP(H42,MP!$A$3:$G$801,2,FALSE)) -> CREME ESFOLIANTE FONTE BRASIL | J42: =IF(H42="","",VLOOKUP(H42,MP!$A$3:$G$801,7,FALSE)) -> GRAMAS | K42: 15 | L42: =IF(H42="","",VLOOKUP(H42,MP!$A$3:$G$801,6,FALSE)*K42) -> 0.63221053
B43: 27 | C43: =IF(B43="","",VLOOKUP(B43,MP!$A$3:$G$801,2,FALSE)) -> FLUIDO TERMOLIPO FB | D43: =IF(B43="","",VLOOKUP(B43,MP!$A$3:$G$801,7,FALSE)) -> ML | E43: 1 | F43: =IF(B43="","",VLOOKUP(B43,MP!$A$3:$G$801,6,FALSE)*E43) -> 0.11975 | H43: 78 | I43: =IF(H43="","",VLOOKUP(H43,MP!$A$3:$G$801,2,FALSE)) -> PAPEL INSUFILME | J43: =IF(H43="","",VLOOKUP(H43,MP!$A$3:$G$801,7,FALSE)) -> CM | K43: 300 | L43: =IF(H43="","",VLOOKUP(H43,MP!$A$3:$G$801,6,FALSE)*K43) -> 0.94657895
B44: 24 | C44: =IF(B44="","",VLOOKUP(B44,MP!$A$3:$G$801,2,FALSE)) -> GEL MIX DE PIMENTA 500G FB | D44: =IF(B44="","",VLOOKUP(B44,MP!$A$3:$G$801,7,FALSE)) -> GRAMAS | E44: 15 | F44: =IF(B44="","",VLOOKUP(B44,MP!$A$3:$G$801,6,FALSE)*E44) -> 0.9969 | H44: 28 | I44: =IF(H44="","",VLOOKUP(H44,MP!$A$3:$G$801,2,FALSE)) -> GEL REDUTOR FB | J44: =IF(H44="","",VLOOKUP(H44,MP!$A$3:$G$801,7,FALSE)) -> GRAMAS | K44: 14 | L44: =IF(H44="","",VLOOKUP(H44,MP!$A$3:$G$801,6,FALSE)*K44) -> 0.61824
B45: 23 | C45: =IF(B45="","",VLOOKUP(B45,MP!$A$3:$G$801,2,FALSE)) -> CREME DE MASSAGEM DETOX GOMAGEM FB | D45: =IF(B45="","",VLOOKUP(B45,MP!$A$3:$G$801,7,FALSE)) -> GRAMAS | E45: 11 | F45: =IF(B45="","",VLOOKUP(B45,MP!$A$3:$G$801,6,FALSE)*E45) -> 0.6688 | H45: 20 | I45: =IF(H45="","",VLOOKUP(H45,MP!$A$3:$G$801,2,FALSE)) -> PAPEL TOALHA | J45: =IF(H45="","",VLOOKUP(H45,MP!$A$3:$G$801,7,FALSE)) -> PCTE | K45: 20 | L45: =IF(H45="","",VLOOKUP(H45,MP!$A$3:$G$801,6,FALSE)*K45) -> 0.48
B46: 78 | C46: =IF(B46="","",VLOOKUP(B46,MP!$A$3:$G$801,2,FALSE)) -> PAPEL INSUFILME | D46: =IF(B46="","",VLOOKUP(B46,MP!$A$3:$G$801,7,FALSE)) -> CM | E46: 240 | F46: =IF(B46="","",VLOOKUP(B46,MP!$A$3:$G$801,6,FALSE)*E46) -> 0.75726316 | H46: 21 | I46: =IF(H46="","",VLOOKUP(H46,MP!$A$3:$G$801,2,FALSE)) -> PAPEL LENÇOL | J46: =IF(H46="","",VLOOKUP(H46,MP!$A$3:$G$801,7,FALSE)) -> CM | K46: 200 | L46: =IF(H46="","",VLOOKUP(H46,MP!$A$3:$G$801,6,FALSE)*K46) -> 0.6
B47: 28 | C47: =IF(B47="","",VLOOKUP(B47,MP!$A$3:$G$801,2,FALSE)) -> GEL REDUTOR FB | D47: =IF(B47="","",VLOOKUP(B47,MP!$A$3:$G$801,7,FALSE)) -> GRAMAS | E47: 15 | F47: =IF(B47="","",VLOOKUP(B47,MP!$A$3:$G$801,6,FALSE)*E47) -> 0.6624 | H47: 26 | I47: =IF(H47="","",VLOOKUP(H47,MP!$A$3:$G$801,2,FALSE)) -> CREME MASSAGEM TERMOLIPO FB | J47: =IF(H47="","",VLOOKUP(H47,MP!$A$3:$G$801,7,FALSE)) -> GRAMAS | K47: 12 | L47: =IF(H47="","",VLOOKUP(H47,MP!$A$3:$G$801,6,FALSE)*K47) -> 0.50538947
B48: 20 | C48: =IF(B48="","",VLOOKUP(B48,MP!$A$3:$G$801,2,FALSE)) -> PAPEL TOALHA | D48: =IF(B48="","",VLOOKUP(B48,MP!$A$3:$G$801,7,FALSE)) -> PCTE | E48: 10 | F48: =IF(B48="","",VLOOKUP(B48,MP!$A$3:$G$801,6,FALSE)*E48) -> 0.24 | H48: 23 | I48: =IF(H48="","",VLOOKUP(H48,MP!$A$3:$G$801,2,FALSE)) -> CREME DE MASSAGEM DETOX GOMAGEM FB | J48: =IF(H48="","",VLOOKUP(H48,MP!$A$3:$G$801,7,FALSE)) -> GRAMAS | K48: 11 | L48: =IF(H48="","",VLOOKUP(H48,MP!$A$3:$G$801,6,FALSE)*K48) -> 0.6688
B49: 21 | C49: =IF(B49="","",VLOOKUP(B49,MP!$A$3:$G$801,2,FALSE)) -> PAPEL LENÇOL | D49: =IF(B49="","",VLOOKUP(B49,MP!$A$3:$G$801,7,FALSE)) -> CM | E49: 200 | F49: =IF(B49="","",VLOOKUP(B49,MP!$A$3:$G$801,6,FALSE)*E49) -> 0.6 | H49: 7 | I49: =IF(H49="","",VLOOKUP(H49,MP!$A$3:$G$801,2,FALSE)) -> TOUCA | J49: =IF(H49="","",VLOOKUP(H49,MP!$A$3:$G$801,7,FALSE)) -> UNID | K49: 1 | L49: =IF(H49="","",VLOOKUP(H49,MP!$A$3:$G$801,6,FALSE)*K49) -> 0.075
B50: 74 | C50: =IF(B50="","",VLOOKUP(B50,MP!$A$3:$G$801,2,FALSE)) -> PLASTICO PARA MANTA | D50: =IF(B50="","",VLOOKUP(B50,MP!$A$3:$G$801,7,FALSE)) -> CM | E50: 2.5 | F50: =IF(B50="","",VLOOKUP(B50,MP!$A$3:$G$801,6,FALSE)*E50) -> 0.125 | I50: =IF(H50="","",VLOOKUP(H50,MP!$A$3:$G$801,2,FALSE)) | J50: =IF(H50="","",VLOOKUP(H50,MP!$A$3:$G$801,7,FALSE)) | L50: =IF(H50="","",VLOOKUP(H50,MP!$A$3:$G$801,6,FALSE)*K50)
C51: =IF(B51="","",VLOOKUP(B51,MP!$A$3:$G$801,2,FALSE)) | D51: =IF(B51="","",VLOOKUP(B51,MP!$A$3:$G$801,7,FALSE)) | F51: =IF(B51="","",VLOOKUP(B51,MP!$A$3:$G$801,6,FALSE)*E51) | I51: =IF(H51="","",VLOOKUP(H51,MP!$A$3:$G$801,2,FALSE)) | J51: =IF(H51="","",VLOOKUP(H51,MP!$A$3:$G$801,7,FALSE)) | L51: =IF(H51="","",VLOOKUP(H51,MP!$A$3:$G$801,6,FALSE)*K51)
C52: =IF(B52="","",VLOOKUP(B52,MP!$A$3:$G$801,2,FALSE)) | D52: =IF(B52="","",VLOOKUP(B52,MP!$A$3:$G$801,7,FALSE)) | F52: =IF(B52="","",VLOOKUP(B52,MP!$A$3:$G$801,6,FALSE)*E52) | I52: =IF(H52="","",VLOOKUP(H52,MP!$A$3:$G$801,2,FALSE)) | J52: =IF(H52="","",VLOOKUP(H52,MP!$A$3:$G$801,7,FALSE)) | L52: =IF(H52="","",VLOOKUP(H52,MP!$A$3:$G$801,6,FALSE)*K52)
C53: =IF(B53="","",VLOOKUP(B53,MP!$A$3:$G$801,2,FALSE)) | D53: =IF(B53="","",VLOOKUP(B53,MP!$A$3:$G$801,7,FALSE)) | F53: =IF(B53="","",VLOOKUP(B53,MP!$A$3:$G$801,6,FALSE)*E53) | I53: =IF(H53="","",VLOOKUP(H53,MP!$A$3:$G$801,2,FALSE)) | J53: =IF(H53="","",VLOOKUP(H53,MP!$A$3:$G$801,7,FALSE)) | L53: =IF(H53="","",VLOOKUP(H53,MP!$A$3:$G$801,6,FALSE)*K53)
C54: =IF(B54="","",VLOOKUP(B54,MP!$A$3:$G$801,2,FALSE)) | D54: =IF(B54="","",VLOOKUP(B54,MP!$A$3:$G$801,7,FALSE)) | F54: =IF(B54="","",VLOOKUP(B54,MP!$A$3:$G$801,6,FALSE)*E54) | I54: =IF(H54="","",VLOOKUP(H54,MP!$A$3:$G$801,2,FALSE)) | J54: =IF(H54="","",VLOOKUP(H54,MP!$A$3:$G$801,7,FALSE)) | L54: =IF(H54="","",VLOOKUP(H54,MP!$A$3:$G$801,6,FALSE)*K54)
C55: =IF(B55="","",VLOOKUP(B55,MP!$A$3:$G$801,2,FALSE)) | F55: =IF(B55="","",VLOOKUP(B55,MP!$A$3:$G$801,6,FALSE)*E55) | I55: =IF(H55="","",VLOOKUP(H55,MP!$A$3:$G$801,2,FALSE)) | J55: =IF(H55="","",VLOOKUP(H55,MP!$A$3:$G$801,7,FALSE)) | L55: =IF(H55="","",VLOOKUP(H55,MP!$A$3:$G$801,6,FALSE)*K55)
B56: Valor Materia Prima | F56: =SUM(F41:F55) -> 4.9029974 | H56: Valor Materia Prima | L56: =SUM(L41:L55) -> 5.0062189
B57: Cód | C57: EQUIPAMENTO | D57: CUSTO | E57: TEMPO | F57: Valor | H57: Cód | I57: EQUIPAMENTO | J57: CUSTO | K57: TEMPO | L57: Valor
B58: 17 | C58: =IF(B58="","",VLOOKUP(B58,EQUIPAMENTOS!$B$11:$G$98,2,FALSE)) -> MANTA TERMICA CORPO INTEIRO | D58: =IF(B58="","",VLOOKUP(B58,EQUIPAMENTOS!$B$11:$G$98,6,FALSE)) -> 0.0013255997 | F58: =IF(B58="","",VLOOKUP(B58,EQUIPAMENTOS!$B$11:$G$98,6,FALSE)*E58) -> 0 | H58: 31 | I58: =IF(H58="","",VLOOKUP(H58,EQUIPAMENTOS!$B$11:$G$98,2,FALSE)) -> TURBOTEK | J58: =IF(H58="","",VLOOKUP(H58,EQUIPAMENTOS!$B$11:$G$98,6,FALSE)) -> 0.0001071654 | L58: =IF(H58="","",VLOOKUP(H58,EQUIPAMENTOS!$B$11:$G$98,6,FALSE)*K58) -> 0
C59: =IF(B59="","",VLOOKUP(B59,EQUIPAMENTOS!$B$11:$G$98,2,FALSE)) | D59: =IF(B59="","",VLOOKUP(B59,EQUIPAMENTOS!$B$11:$G$98,6,FALSE)) | F59: =IF(B59="","",VLOOKUP(B59,EQUIPAMENTOS!$B$11:$G$98,6,FALSE)*E59) | H59: 30 | I59: =IF(H59="","",VLOOKUP(H59,EQUIPAMENTOS!$B$11:$G$98,2,FALSE)) -> KIT VENTOSA LUXO | J59: =IF(H59="","",VLOOKUP(H59,EQUIPAMENTOS!$B$11:$G$98,6,FALSE)) -> 0.00026183712 | L59: =IF(H59="","",VLOOKUP(H59,EQUIPAMENTOS!$B$11:$G$98,6,FALSE)*K59) -> 0
C60: =IF(B60="","",VLOOKUP(B60,EQUIPAMENTOS!$B$11:$G$98,2,FALSE)) | D60: =IF(B60="","",VLOOKUP(B60,EQUIPAMENTOS!$B$11:$G$98,6,FALSE)) | F60: =IF(B60="","",VLOOKUP(B60,EQUIPAMENTOS!$B$11:$G$98,6,FALSE)*E60) | I60: =IF(H60="","",VLOOKUP(H60,EQUIPAMENTOS!$B$11:$G$98,2,FALSE)) | J60: =IF(H60="","",VLOOKUP(H60,EQUIPAMENTOS!$B$11:$G$98,6,FALSE)) | L60: =IF(H60="","",VLOOKUP(H60,EQUIPAMENTOS!$B$11:$G$98,6,FALSE)*K60)
C61: =IF(B61="","",VLOOKUP(B61,EQUIPAMENTOS!$B$11:$G$98,2,FALSE)) | D61: =IF(B61="","",VLOOKUP(B61,EQUIPAMENTOS!$B$11:$G$98,6,FALSE)) | F61: =IF(B61="","",VLOOKUP(B61,EQUIPAMENTOS!$B$11:$G$98,6,FALSE)*E61) | I61: =IF(H61="","",VLOOKUP(H61,EQUIPAMENTOS!$B$11:$G$98,2,FALSE)) | J61: =IF(H61="","",VLOOKUP(H61,EQUIPAMENTOS!$B$11:$G$98,6,FALSE)) | L61: =IF(H61="","",VLOOKUP(H61,EQUIPAMENTOS!$B$11:$G$98,6,FALSE)*K61)
C62: =IF(B62="","",VLOOKUP(B62,EQUIPAMENTOS!$B$11:$G$98,2,FALSE)) | D62: =IF(B62="","",VLOOKUP(B62,EQUIPAMENTOS!$B$11:$G$98,6,FALSE)) | F62: =IF(B62="","",VLOOKUP(B62,EQUIPAMENTOS!$B$11:$G$98,6,FALSE)*E62) | I62: =IF(H62="","",VLOOKUP(H62,EQUIPAMENTOS!$B$11:$G$98,2,FALSE)) | J62: =IF(H62="","",VLOOKUP(H62,EQUIPAMENTOS!$B$11:$G$98,6,FALSE)) | L62: =IF(H62="","",VLOOKUP(H62,EQUIPAMENTOS!$B$11:$G$98,6,FALSE)*K62)
C63: =IF(B63="","",VLOOKUP(B63,EQUIPAMENTOS!$B$11:$G$98,2,FALSE)) | D63: =IF(B63="","",VLOOKUP(B63,EQUIPAMENTOS!$B$11:$G$98,6,FALSE)) | F63: =IF(B63="","",VLOOKUP(B63,EQUIPAMENTOS!$B$11:$G$98,6,FALSE)*E63) | I63: =IF(H63="","",VLOOKUP(H63,EQUIPAMENTOS!$B$11:$G$98,2,FALSE)) | J63: =IF(H63="","",VLOOKUP(H63,EQUIPAMENTOS!$B$11:$G$98,6,FALSE)) | L63: =IF(H63="","",VLOOKUP(H63,EQUIPAMENTOS!$B$11:$G$98,6,FALSE)*K63)
C64: =IF(B64="","",VLOOKUP(B64,EQUIPAMENTOS!$B$11:$G$98,2,FALSE)) | D64: =IF(B64="","",VLOOKUP(B64,EQUIPAMENTOS!$B$11:$G$98,6,FALSE)) | F64: =IF(B64="","",VLOOKUP(B64,EQUIPAMENTOS!$B$11:$G$98,6,FALSE)*E64) | I64: =IF(H64="","",VLOOKUP(H64,EQUIPAMENTOS!$B$11:$G$98,2,FALSE)) | J64: =IF(H64="","",VLOOKUP(H64,EQUIPAMENTOS!$B$11:$G$98,6,FALSE)) | L64: =IF(H64="","",VLOOKUP(H64,EQUIPAMENTOS!$B$11:$G$98,6,FALSE)*K64)
B65: Valor Equipamentos | F65: =SUM(F58:F64) -> 0 | H65: Valor Equipamentos | L65: =SUM(L58:L64) -> 0
B66: Valor Total | F66: =+F56+F65 -> 4.9029974 | H66: Valor Total | L66: =+L56+L65 -> 5.0062189
A69: 13 | B69: MASSAGEM RELAXANTE | H69: DRENAGEM LINFÁTICA MANUAL
B70: Cód | C70: PRODUTO | D70: UND | E70: Quant. | F70: Valor | H70: Cód | I70: PRODUTO | J70: UND | K70: Quant. | L70: Valor
B71: 22 | C71: =IF(B71="","",VLOOKUP(B71,MP!$A$3:$G$801,2,FALSE)) -> CREME DE MASSAGEM TRADICIONAL 950G FB | D71: =IF(B71="","",VLOOKUP(B71,MP!$A$3:$G$801,7,FALSE)) -> GRAMAS | E71: 25 | F71: =IF(B71="","",VLOOKUP(B71,MP!$A$3:$G$801,6,FALSE)*E71) -> 0.87736842 | H71: 22 | I71: =IF(H71="","",VLOOKUP(H71,MP!$A$3:$G$801,2,FALSE)) -> CREME DE MASSAGEM TRADICIONAL 950G FB | J71: =IF(H71="","",VLOOKUP(H71,MP!$A$3:$G$801,7,FALSE)) -> GRAMAS | K71: 26 | L71: =IF(H71="","",VLOOKUP(H71,MP!$A$3:$G$801,6,FALSE)*K71) -> 0.91246316
B72: 5 | C72: =IF(B72="","",VLOOKUP(B72,MP!$A$3:$G$801,2,FALSE)) -> CLOREXIDINA | D72: =IF(B72="","",VLOOKUP(B72,MP!$A$3:$G$801,7,FALSE)) -> ML | E72: 5 | F72: =IF(B72="","",VLOOKUP(B72,MP!$A$3:$G$801,6,FALSE)*E72) -> 0.1875 | H72: 5 | I72: =IF(H72="","",VLOOKUP(H72,MP!$A$3:$G$801,2,FALSE)) -> CLOREXIDINA | J72: =IF(H72="","",VLOOKUP(H72,MP!$A$3:$G$801,7,FALSE)) -> ML | K72: 6 | L72: =IF(H72="","",VLOOKUP(H72,MP!$A$3:$G$801,6,FALSE)*K72) -> 0.225
B73: 21 | C73: =IF(B73="","",VLOOKUP(B73,MP!$A$3:$G$801,2,FALSE)) -> PAPEL LENÇOL | D73: =IF(B73="","",VLOOKUP(B73,MP!$A$3:$G$801,7,FALSE)) -> CM | E73: 200 | F73: =IF(B73="","",VLOOKUP(B73,MP!$A$3:$G$801,6,FALSE)*E73) -> 0.6 | H73: 20 | I73: =IF(H73="","",VLOOKUP(H73,MP!$A$3:$G$801,2,FALSE)) -> PAPEL TOALHA | J73: =IF(H73="","",VLOOKUP(H73,MP!$A$3:$G$801,7,FALSE)) -> PCTE | K73: 22 | L73: =IF(H73="","",VLOOKUP(H73,MP!$A$3:$G$801,6,FALSE)*K73) -> 0.528
B74: 7 | C74: =IF(B74="","",VLOOKUP(B74,MP!$A$3:$G$801,2,FALSE)) -> TOUCA | D74: =IF(B74="","",VLOOKUP(B74,MP!$A$3:$G$801,7,FALSE)) -> UNID | E74: 2 | F74: =IF(B74="","",VLOOKUP(B74,MP!$A$3:$G$801,6,FALSE)*E74) -> 0.15 | H74: 21 | I74: =IF(H74="","",VLOOKUP(H74,MP!$A$3:$G$801,2,FALSE)) -> PAPEL LENÇOL | J74: =IF(H74="","",VLOOKUP(H74,MP!$A$3:$G$801,7,FALSE)) -> CM | K74: 200 | L74: =IF(H74="","",VLOOKUP(H74,MP!$A$3:$G$801,6,FALSE)*K74) -> 0.6
B75: 20 | C75: =IF(B75="","",VLOOKUP(B75,MP!$A$3:$G$801,2,FALSE)) -> PAPEL TOALHA | D75: =IF(B75="","",VLOOKUP(B75,MP!$A$3:$G$801,7,FALSE)) -> PCTE | E75: 15 | F75: =IF(B75="","",VLOOKUP(B75,MP!$A$3:$G$801,6,FALSE)*E75) -> 0.36 | H75: 7 | I75: =IF(H75="","",VLOOKUP(H75,MP!$A$3:$G$801,2,FALSE)) -> TOUCA | J75: =IF(H75="","",VLOOKUP(H75,MP!$A$3:$G$801,7,FALSE)) -> UNID | K75: 1 | L75: =IF(H75="","",VLOOKUP(H75,MP!$A$3:$G$801,6,FALSE)*K75) -> 0.075
C76: =IF(B76="","",VLOOKUP(B76,MP!$A$3:$G$801,2,FALSE)) | D76: =IF(B76="","",VLOOKUP(B76,MP!$A$3:$G$801,7,FALSE)) | F76: =IF(B76="","",VLOOKUP(B76,MP!$A$3:$G$801,6,FALSE)*E76) | I76: =IF(H76="","",VLOOKUP(H76,MP!$A$3:$G$801,2,FALSE)) | J76: =IF(H76="","",VLOOKUP(H76,MP!$A$3:$G$801,7,FALSE)) | L76: =IF(H76="","",VLOOKUP(H76,MP!$A$3:$G$801,6,FALSE)*K76)
C77: =IF(B77="","",VLOOKUP(B77,MP!$A$3:$G$801,2,FALSE)) | D77: =IF(B77="","",VLOOKUP(B77,MP!$A$3:$G$801,7,FALSE)) | F77: =IF(B77="","",VLOOKUP(B77,MP!$A$3:$G$801,6,FALSE)*E77) | I77: =IF(H77="","",VLOOKUP(H77,MP!$A$3:$G$801,2,FALSE)) | J77: =IF(H77="","",VLOOKUP(H77,MP!$A$3:$G$801,7,FALSE)) | L77: =IF(H77="","",VLOOKUP(H77,MP!$A$3:$G$801,6,FALSE)*K77)
C78: =IF(B78="","",VLOOKUP(B78,MP!$A$3:$G$801,2,FALSE)) | D78: =IF(B78="","",VLOOKUP(B78,MP!$A$3:$G$801,7,FALSE)) | F78: =IF(B78="","",VLOOKUP(B78,MP!$A$3:$G$801,6,FALSE)*E78) | I78: =IF(H78="","",VLOOKUP(H78,MP!$A$3:$G$801,2,FALSE)) | J78: =IF(H78="","",VLOOKUP(H78,MP!$A$3:$G$801,7,FALSE)) | L78: =IF(H78="","",VLOOKUP(H78,MP!$A$3:$G$801,6,FALSE)*K78)
C79: =IF(B79="","",VLOOKUP(B79,MP!$A$3:$G$801,2,FALSE)) | D79: =IF(B79="","",VLOOKUP(B79,MP!$A$3:$G$801,7,FALSE)) | F79: =IF(B79="","",VLOOKUP(B79,MP!$A$3:$G$801,6,FALSE)*E79) | I79: =IF(H79="","",VLOOKUP(H79,MP!$A$3:$G$801,2,FALSE)) | J79: =IF(H79="","",VLOOKUP(H79,MP!$A$3:$G$801,7,FALSE)) | L79: =IF(H79="","",VLOOKUP(H79,MP!$A$3:$G$801,6,FALSE)*K79)
C80: =IF(B80="","",VLOOKUP(B80,MP!$A$3:$G$801,2,FALSE)) | D80: =IF(B80="","",VLOOKUP(B80,MP!$A$3:$G$801,7,FALSE)) | F80: =IF(B80="","",VLOOKUP(B80,MP!$A$3:$G$801,6,FALSE)*E80) | I80: =IF(H80="","",VLOOKUP(H80,MP!$A$3:$G$801,2,FALSE)) | J80: =IF(H80="","",VLOOKUP(H80,MP!$A$3:$G$801,7,FALSE)) | L80: =IF(H80="","",VLOOKUP(H80,MP!$A$3:$G$801,6,FALSE)*K80)
C81: =IF(B81="","",VLOOKUP(B81,MP!$A$3:$G$801,2,FALSE)) | D81: =IF(B81="","",VLOOKUP(B81,MP!$A$3:$G$801,7,FALSE)) | F81: =IF(B81="","",VLOOKUP(B81,MP!$A$3:$G$801,6,FALSE)*E81) | I81: =IF(H81="","",VLOOKUP(H81,MP!$A$3:$G$801,2,FALSE)) | J81: =IF(H81="","",VLOOKUP(H81,MP!$A$3:$G$801,7,FALSE)) | L81: =IF(H81="","",VLOOKUP(H81,MP!$A$3:$G$801,6,FALSE)*K81)
C82: =IF(B82="","",VLOOKUP(B82,MP!$A$3:$G$801,2,FALSE)) | D82: =IF(B82="","",VLOOKUP(B82,MP!$A$3:$G$801,7,FALSE)) | F82: =IF(B82="","",VLOOKUP(B82,MP!$A$3:$G$801,6,FALSE)*E82) | I82: =IF(H82="","",VLOOKUP(H82,MP!$A$3:$G$801,2,FALSE)) | J82: =IF(H82="","",VLOOKUP(H82,MP!$A$3:$G$801,7,FALSE)) | L82: =IF(H82="","",VLOOKUP(H82,MP!$A$3:$G$801,6,FALSE)*K82)
C83: =IF(B83="","",VLOOKUP(B83,MP!$A$3:$G$801,2,FALSE)) | D83: =IF(B83="","",VLOOKUP(B83,MP!$A$3:$G$801,7,FALSE)) | F83: =IF(B83="","",VLOOKUP(B83,MP!$A$3:$G$801,6,FALSE)*E83) | I83: =IF(H83="","",VLOOKUP(H83,MP!$A$3:$G$801,2,FALSE)) | J83: =IF(H83="","",VLOOKUP(H83,MP!$A$3:$G$801,7,FALSE)) | L83: =IF(H83="","",VLOOKUP(H83,MP!$A$3:$G$801,6,FALSE)*K83)
C84: =IF(B84="","",VLOOKUP(B84,MP!$A$3:$G$801,2,FALSE)) | D84: =IF(B84="","",VLOOKUP(B84,MP!$A$3:$G$801,7,FALSE)) | F84: =IF(B84="","",VLOOKUP(B84,MP!$A$3:$G$801,6,FALSE)*E84) | I84: =IF(H84="","",VLOOKUP(H84,MP!$A$3:$G$801,2,FALSE)) | J84: =IF(H84="","",VLOOKUP(H84,MP!$A$3:$G$801,7,FALSE)) | L84: =IF(H84="","",VLOOKUP(H84,MP!$A$3:$G$801,6,FALSE)*K84)
C85: =IF(B85="","",VLOOKUP(B85,MP!$A$3:$G$801,2,FALSE)) | D85: =IF(B85="","",VLOOKUP(B85,MP!$A$3:$G$801,7,FALSE)) | F85: =IF(B85="","",VLOOKUP(B85,MP!$A$3:$G$801,6,FALSE)*E85) | I85: =IF(H85="","",VLOOKUP(H85,MP!$A$3:$G$801,2,FALSE)) | J85: =IF(H85="","",VLOOKUP(H85,MP!$A$3:$G$801,7,FALSE)) | L85: =IF(H85="","",VLOOKUP(H85,MP!$A$3:$G$801,6,FALSE)*K85)
B86: Valor Materia Prima | F86: =SUM(F71:F85) -> 2.1748684 | H86: Valor Materia Prima | L86: =SUM(L71:L85) -> 2.3404632
B87: Cód | C87: EQUIPAMENTO | D87: CUSTO | E87: TEMPO | F87: Valor | H87: Cód | I87: EQUIPAMENTO | J87: CUSTO | K87: TEMPO | L87: Valor
B88: 34 | C88: =IF(B88="","",VLOOKUP(B88,EQUIPAMENTOS!$B$11:$G$98,2,FALSE)) -> PEDRAS VULCANICAS | D88: =IF(B88="","",VLOOKUP(B88,EQUIPAMENTOS!$B$11:$G$98,6,FALSE)) -> 0.00051136364 | F88: =IF(B88="","",VLOOKUP(B88,EQUIPAMENTOS!$B$11:$G$98,6,FALSE)*E88) -> 0 | I88: =IF(H88="","",VLOOKUP(H88,EQUIPAMENTOS!$B$11:$G$98,2,FALSE)) | J88: =IF(H88="","",VLOOKUP(H88,EQUIPAMENTOS!$B$11:$G$98,6,FALSE)) | L88: =IF(H88="","",VLOOKUP(H88,EQUIPAMENTOS!$B$11:$G$98,6,FALSE)*K88)
B89: 35 | C89: =IF(B89="","",VLOOKUP(B89,EQUIPAMENTOS!$B$11:$G$98,2,FALSE)) -> MANTA TERMICA AQUECEDOR | D89: =IF(B89="","",VLOOKUP(B89,EQUIPAMENTOS!$B$11:$G$98,6,FALSE)) -> 0.00032828283 | F89: =IF(B89="","",VLOOKUP(B89,EQUIPAMENTOS!$B$11:$G$98,6,FALSE)*E89) -> 0 | I89: =IF(H89="","",VLOOKUP(H89,EQUIPAMENTOS!$B$11:$G$98,2,FALSE)) | J89: =IF(H89="","",VLOOKUP(H89,EQUIPAMENTOS!$B$11:$G$98,6,FALSE)) | L89: =IF(H89="","",VLOOKUP(H89,EQUIPAMENTOS!$B$11:$G$98,6,FALSE)*K89)
B90: 30 | C90: =IF(B90="","",VLOOKUP(B90,EQUIPAMENTOS!$B$11:$G$98,2,FALSE)) -> KIT VENTOSA LUXO | D90: =IF(B90="","",VLOOKUP(B90,EQUIPAMENTOS!$B$11:$G$98,6,FALSE)) -> 0.00026183712 | F90: =IF(B90="","",VLOOKUP(B90,EQUIPAMENTOS!$B$11:$G$98,6,FALSE)*E90) -> 0 | I90: =IF(H90="","",VLOOKUP(H90,EQUIPAMENTOS!$B$11:$G$98,2,FALSE)) | J90: =IF(H90="","",VLOOKUP(H90,EQUIPAMENTOS!$B$11:$G$98,6,FALSE)) | L90: =IF(H90="","",VLOOKUP(H90,EQUIPAMENTOS!$B$11:$G$98,6,FALSE)*K90)
B91: 26 | C91: =IF(B91="","",VLOOKUP(B91,EQUIPAMENTOS!$B$11:$G$98,2,FALSE)) -> KIT BAMBUTERAPIA | D91: =IF(B91="","",VLOOKUP(B91,EQUIPAMENTOS!$B$11:$G$98,6,FALSE)) -> 6.2973485e-05 | F91: =IF(B91="","",VLOOKUP(B91,EQUIPAMENTOS!$B$11:$G$98,6,FALSE)*E91) -> 0 | I91: =IF(H91="","",VLOOKUP(H91,EQUIPAMENTOS!$B$11:$G$98,2,FALSE)) | J91: =IF(H91="","",VLOOKUP(H91,EQUIPAMENTOS!$B$11:$G$98,6,FALSE)) | L91: =IF(H91="","",VLOOKUP(H91,EQUIPAMENTOS!$B$11:$G$98,6,FALSE)*K91)
C92: VELAS AROMATIZADAS | D92: =IF(B92="","",VLOOKUP(B92,EQUIPAMENTOS!$B$11:$G$98,6,FALSE)) | F92: =IF(B92="","",VLOOKUP(B92,EQUIPAMENTOS!$B$11:$G$98,6,FALSE)*E92) | I92: =IF(H92="","",VLOOKUP(H92,EQUIPAMENTOS!$B$11:$G$98,2,FALSE)) | J92: =IF(H92="","",VLOOKUP(H92,EQUIPAMENTOS!$B$11:$G$98,6,FALSE)) | L92: =IF(H92="","",VLOOKUP(H92,EQUIPAMENTOS!$B$11:$G$98,6,FALSE)*K92)
C93: =IF(B93="","",VLOOKUP(B93,EQUIPAMENTOS!$B$11:$G$98,2,FALSE)) | D93: =IF(B93="","",VLOOKUP(B93,EQUIPAMENTOS!$B$11:$G$98,6,FALSE)) | F93: =IF(B93="","",VLOOKUP(B93,EQUIPAMENTOS!$B$11:$G$98,6,FALSE)*E93) | I93: =IF(H93="","",VLOOKUP(H93,EQUIPAMENTOS!$B$11:$G$98,2,FALSE)) | J93: =IF(H93="","",VLOOKUP(H93,EQUIPAMENTOS!$B$11:$G$98,6,FALSE)) | L93: =IF(H93="","",VLOOKUP(H93,EQUIPAMENTOS!$B$11:$G$98,6,FALSE)*K93)
C94: =IF(B94="","",VLOOKUP(B94,EQUIPAMENTOS!$B$11:$G$98,2,FALSE)) | D94: =IF(B94="","",VLOOKUP(B94,EQUIPAMENTOS!$B$11:$G$98,6,FALSE)) | F94: =IF(B94="","",VLOOKUP(B94,EQUIPAMENTOS!$B$11:$G$98,6,FALSE)*E94) | I94: =IF(H94="","",VLOOKUP(H94,EQUIPAMENTOS!$B$11:$G$98,2,FALSE)) | J94: =IF(H94="","",VLOOKUP(H94,EQUIPAMENTOS!$B$11:$G$98,6,FALSE)) | L94: =IF(H94="","",VLOOKUP(H94,EQUIPAMENTOS!$B$11:$G$98,6,FALSE)*K94)
B95: Valor Equipamentos | F95: =SUM(F88:F94) -> 0 | H95: Valor Equipamentos | L95: =SUM(L88:L94) -> 0
B96: Valor Total | F96: =+F86+F95 -> 2.1748684 | H96: Valor Total | L96: =+L86+L95 -> 2.3404632
A99: 14 | B99: ULTRAFOCCUS FACIAL | H99: ULTAFOCCUS CORPORAL
B100: Cód | C100: PRODUTO | D100: UND | E100: Quant. | F100: Valor | H100: Cód | I100: PRODUTO | J100: UND | K100: Quant. | L100: Valor
B101: 6 | C101: =IF(B101="","",VLOOKUP(B101,MP!$A$3:$G$801,2,FALSE)) -> AGUA MICELAR | D101: =IF(B101="","",VLOOKUP(B101,MP!$A$3:$G$801,7,FALSE)) -> ML | E101: 4 | F101: =IF(B101="","",VLOOKUP(B101,MP!$A$3:$G$801,6,FALSE)*E101) -> 0.238 | H101: 20 | I101: =IF(H101="","",VLOOKUP(H101,MP!$A$3:$G$801,2,FALSE)) -> PAPEL TOALHA | J101: =IF(H101="","",VLOOKUP(H101,MP!$A$3:$G$801,7,FALSE)) -> PCTE | K101: 10 | L101: =IF(H101="","",VLOOKUP(H101,MP!$A$3:$G$801,6,FALSE)*K101) -> 0.24
B102: 21 | C102: =IF(B102="","",VLOOKUP(B102,MP!$A$3:$G$801,2,FALSE)) -> PAPEL LENÇOL | D102: =IF(B102="","",VLOOKUP(B102,MP!$A$3:$G$801,7,FALSE)) -> CM | E102: 200 | F102: =IF(B102="","",VLOOKUP(B102,MP!$A$3:$G$801,6,FALSE)*E102) -> 0.6 | H102: 21 | I102: =IF(H102="","",VLOOKUP(H102,MP!$A$3:$G$801,2,FALSE)) -> PAPEL LENÇOL | J102: =IF(H102="","",VLOOKUP(H102,MP!$A$3:$G$801,7,FALSE)) -> CM | K102: 200 | L102: =IF(H102="","",VLOOKUP(H102,MP!$A$3:$G$801,6,FALSE)*K102) -> 0.6
B103: 20 | C103: =IF(B103="","",VLOOKUP(B103,MP!$A$3:$G$801,2,FALSE)) -> PAPEL TOALHA | D103: =IF(B103="","",VLOOKUP(B103,MP!$A$3:$G$801,7,FALSE)) -> PCTE | E103: 10 | F103: =IF(B103="","",VLOOKUP(B103,MP!$A$3:$G$801,6,FALSE)*E103) -> 0.24 | H103: 1 | I103: =IF(H103="","",VLOOKUP(H103,MP!$A$3:$G$801,2,FALSE)) -> GAZE | J103: =IF(H103="","",VLOOKUP(H103,MP!$A$3:$G$801,7,FALSE)) -> UNID | K103: 10 | L103: =IF(H103="","",VLOOKUP(H103,MP!$A$3:$G$801,6,FALSE)*K103) -> 0.67
B104: 45 | C104: =IF(B104="","",VLOOKUP(B104,MP!$A$3:$G$801,2,FALSE)) -> BIO-SUNPROTEC GEL CREME UD ANT FPS TRANSLUCIDO | D104: =IF(B104="","",VLOOKUP(B104,MP!$A$3:$G$801,7,FALSE)) -> GRAMAS | E104: 2 | F104: =IF(B104="","",VLOOKUP(B104,MP!$A$3:$G$801,6,FALSE)*E104) -> 2.7555556 | H104: 5 | I104: =IF(H104="","",VLOOKUP(H104,MP!$A$3:$G$801,2,FALSE)) -> CLOREXIDINA | J104: =IF(H104="","",VLOOKUP(H104,MP!$A$3:$G$801,7,FALSE)) -> ML | K104: 6 | L104: =IF(H104="","",VLOOKUP(H104,MP!$A$3:$G$801,6,FALSE)*K104) -> 0.225
B105: 1 | C105: =IF(B105="","",VLOOKUP(B105,MP!$A$3:$G$801,2,FALSE)) -> GAZE | D105: =IF(B105="","",VLOOKUP(B105,MP!$A$3:$G$801,7,FALSE)) -> UNID | E105: 10 | F105: =IF(B105="","",VLOOKUP(B105,MP!$A$3:$G$801,6,FALSE)*E105) -> 0.67 | H105: 4 | I105: =IF(H105="","",VLOOKUP(H105,MP!$A$3:$G$801,2,FALSE)) -> GEL ULTRASSOM | J105: =IF(H105="","",VLOOKUP(H105,MP!$A$3:$G$801,7,FALSE)) -> GRAMAS | K105: 78 | L105: =IF(H105="","",VLOOKUP(H105,MP!$A$3:$G$801,6,FALSE)*K105) -> 0.3744
B106: 4 | C106: =IF(B106="","",VLOOKUP(B106,MP!$A$3:$G$801,2,FALSE)) -> GEL ULTRASSOM | D106: =IF(B106="","",VLOOKUP(B106,MP!$A$3:$G$801,7,FALSE)) -> GRAMAS | E106: 10 | F106: =IF(B106="","",VLOOKUP(B106,MP!$A$3:$G$801,6,FALSE)*E106) -> 0.048 | H106: 6 | I106: =IF(H106="","",VLOOKUP(H106,MP!$A$3:$G$801,2,FALSE)) -> AGUA MICELAR | J106: =IF(H106="","",VLOOKUP(H106,MP!$A$3:$G$801,7,FALSE)) -> ML | K106: 7 | L106: =IF(H106="","",VLOOKUP(H106,MP!$A$3:$G$801,6,FALSE)*K106) -> 0.4165
B107: 40 | C107: =IF(B107="","",VLOOKUP(B107,MP!$A$3:$G$801,2,FALSE)) -> SABONETE BIO - CLEANSER GLYCOLIC 10% | D107: =IF(B107="","",VLOOKUP(B107,MP!$A$3:$G$801,7,FALSE)) -> ML | E107: 2 | F107: =IF(B107="","",VLOOKUP(B107,MP!$A$3:$G$801,6,FALSE)*E107) -> 0.53333333 | H107: 8 | I107: =IF(H107="","",VLOOKUP(H107,MP!$A$3:$G$801,2,FALSE)) -> LUVA | J107: =IF(H107="","",VLOOKUP(H107,MP!$A$3:$G$801,7,FALSE)) -> UNID | K107: 2 | L107: =IF(H107="","",VLOOKUP(H107,MP!$A$3:$G$801,6,FALSE)*K107) -> 0.48
B108: 9 | C108: =IF(B108="","",VLOOKUP(B108,MP!$A$3:$G$801,2,FALSE)) -> MÁSCARA | D108: =IF(B108="","",VLOOKUP(B108,MP!$A$3:$G$801,7,FALSE)) -> UNID | E108: 1 | F108: =IF(B108="","",VLOOKUP(B108,MP!$A$3:$G$801,6,FALSE)*E108) -> 0.2 | H108: 24 | I108: =IF(H108="","",VLOOKUP(H108,MP!$A$3:$G$801,2,FALSE)) -> GEL MIX DE PIMENTA 500G FB | J108: =IF(H108="","",VLOOKUP(H108,MP!$A$3:$G$801,7,FALSE)) -> GRAMAS | K108: 15 | L108: =IF(H108="","",VLOOKUP(H108,MP!$A$3:$G$801,6,FALSE)*K108) -> 0.9969
...

Sheet PRECIFICAÇÃO
B1: PRECIFICAÇÃO DE VENDA
B3: SERVIÇOS | C3: CUSTO MP | D3: CUSTO MO | E3: CUSTO TOTAL | F3: VLR SUGERIDO | G3: % MC | H3: VLR VENDA | I3: MC | J3: % MC
A4: 11 | B4: =VLOOKUP(A4,SERVIÇOS!A$1:L$1227,2,FALSE) -> LIMPEZA DE PELE | C4: =SERVIÇOS!F26 -> 16.927 | D4: =SERVIÇOS!F35 -> 0 | E4: =C4+D4 -> 16.927 | F4: =IF(E4=0,"",(E4*100)/(100-((G4/100)*10000))) -> 67.708 | G4: 0.75 | H4: 120 | I4: =IF(H4="","",H4-E4) -> 103.073 | J4: =IF(H4="","",I4/H4) -> 0.85894167
A5: 11 | B5: =VLOOKUP(A5,SERVIÇOS!A$1:L$1227,8,FALSE) -> CRIOLIPOLISE DE PLACAS | C5: =SERVIÇOS!L26 -> 45.242789 | D5: =SERVIÇOS!L35 -> 0 | E5: =C5+D5 -> 45.242789 | F5: =IF(E5=0,"",(E5*100)/(100-((G5/100)*10000))) -> 180.97116 | G5: 0.75 | H5: 80 | I5: =IF(H5="","",H5-E5) -> 34.757211 | J5: =IF(H5="","",I5/H5) -> 0.43446514
A6: 12 | B6: =VLOOKUP(A6,SERVIÇOS!A$1:L$1227,2,FALSE) -> DETOX INFRA- RED | C6: =SERVIÇOS!F56 -> 4.9029974 | D6: =SERVIÇOS!F65 -> 0 | E6: =C6+D6 -> 4.9029974 | F6: =IF(E6=0,"",(E6*100)/(100-((G6/100)*10000))) -> 19.611989 | G6: 0.75 | H6: 80 | I6: =IF(H6="","",H6-E6) -> 75.097003 | J6: =IF(H6="","",I6/H6) -> 0.93871253
A7: 12 | B7: =VLOOKUP(A7,SERVIÇOS!A$1:L$1227,8,FALSE) -> POWER MODELADORA | C7: =SERVIÇOS!L56 -> 5.0062189 | D7: =SERVIÇOS!L65 -> 0 | E7: =C7+D7 -> 5.0062189 | F7: =IF(E7=0,"",(E7*100)/(100-((G7/100)*10000))) -> 20.024876 | G7: 0.75 | H7: 50 | I7: =IF(H7="","",H7-E7) -> 44.993781 | J7: =IF(H7="","",I7/H7) -> 0.89987562
A8: 13 | B8: =VLOOKUP(A8,SERVIÇOS!A$1:L$1227,2,FALSE) -> MASSAGEM RELAXANTE | C8: =SERVIÇOS!F86 -> 2.1748684 | D8: =SERVIÇOS!F95 -> 0 | E8: =C8+D8 -> 2.1748684 | F8: =IF(E8=0,"",(E8*100)/(100-((G8/100)*10000))) -> 8.6994737 | G8: 0.75 | H8: 100 | I8: =IF(H8="","",H8-E8) -> 97.825132 | J8: =IF(H8="","",I8/H8) -> 0.97825132
A9: 13 | B9: =VLOOKUP(A9,SERVIÇOS!A$1:L$1227,8,FALSE) -> DRENAGEM LINFÁTICA MANUAL | C9: =SERVIÇOS!L86 -> 2.3404632 | D9: =SERVIÇOS!L95 -> 0 | E9: =C9+D9 -> 2.3404632 | F9: =IF(E9=0,"",(E9*100)/(100-((G9/100)*10000))) -> 9.3618526 | G9: 0.75 | H9: 100 | I9: =IF(H9="","",H9-E9) -> 97.659537 | J9: =IF(H9="","",I9/H9) -> 0.97659537
A10: 14 | B10: =VLOOKUP(A10,SERVIÇOS!A$1:L$1227,2,FALSE) -> ULTRAFOCCUS FACIAL | C10: =SERVIÇOS!F116 -> 5.8398889 | D10: =SERVIÇOS!F125 -> 0.61805556 | E10: =C10+D10 -> 6.4579444 | F10: =IF(E10=0,"",(E10*100)/(100-((G10/100)*10000))) -> 25.831778 | G10: 0.75 | H10: 100 | I10: =IF(H10="","",H10-E10) -> 93.542056 | J10: =IF(H10="","",I10/H10) -> 0.93542056
A11: 14 | B11: =VLOOKUP(A11,SERVIÇOS!A$1:L$1227,8,FALSE) -> ULTAFOCCUS CORPORAL | C11: =SERVIÇOS!L116 -> 4.0028 | D11: =SERVIÇOS!L125 -> 0.61805556 | E11: =C11+D11 -> 4.6208556 | F11: =IF(E11=0,"",(E11*100)/(100-((G11/100)*10000))) -> 18.483422 | G11: 0.75 | H11: 100 | I11: =IF(H11="","",H11-E11) -> 95.379144 | J11: =IF(H11="","",I11/H11) -> 0.95379144
A12: 15 | B12: =VLOOKUP(A12,SERVIÇOS!A$1:L$1227,2,FALSE) -> RADIOFREQUENCIA FACIAL | C12: =SERVIÇOS!F146 -> 12.864056 | D12: =SERVIÇOS!F155 -> 0 | E12: =C12+D12 -> 12.864056 | F12: =IF(E12=0,"",(E12*100)/(100-((G12/100)*10000))) -> 51.456222 | G12: 0.75 | H12: 50 | I12: =IF(H12="","",H12-E12) -> 37.135944 | J12: =IF(H12="","",I12/H12) -> 0.74271889
A13: 15 | B13: =VLOOKUP(A13,SERVIÇOS!A$1:L$1227,8,FALSE) -> RADIOFREQUENCIA CORPORAL | C13: =SERVIÇOS!L146 -> 2.6024 | D13: =SERVIÇOS!L155 -> 0 | E13: =C13+D13 -> 2.6024 | F13: =IF(E13=0,"",(E13*100)/(100-((G13/100)*10000))) -> 10.4096 | G13: 0.75 | H13: 120 | I13: =IF(H13="","",H13-E13) -> 117.3976 | J13: =IF(H13="","",I13/H13) -> 0.97831333
A14: 16 | B14: =VLOOKUP(A14,SERVIÇOS!A$1:L$1227,2,FALSE) -> ENZIMAS EMAGRECIMENTO | C14: =SERVIÇOS!F176 -> 24.43025 | D14: =SERVIÇOS!F185 -> 0 | E14: =C14+D14 -> 24.43025 | F14: =IF(E14=0,"",(E14*100)/(100-((G14/100)*10000))) -> 97.721 | G14: 0.75 | H14: 230 | I14: =IF(H14="","",H14-E14) -> 205.56975 | J14: =IF(H14="","",I14/H14) -> 0.89378152
A15: 16 | B15: =VLOOKUP(A15,SERVIÇOS!A$1:L$1227,8,FALSE) -> ENZIMAS CAPILAR MASC. | C15: =SERVIÇOS!L176 -> 41.05955 | D15: =SERVIÇOS!L185 -> 0 | E15: =C15+D15 -> 41.05955 | F15: =IF(E15=0,"",(E15*100)/(100-((G15/100)*10000))) -> 164.2382 | G15: 0.75 | H15: 80 | I15: =IF(H15="","",H15-E15) -> 38.94045 | J15: =IF(H15="","",I15/H15) -> 0.48675562
A16: 17 | B16: =VLOOKUP(A16,SERVIÇOS!A$1:L$1227,2,FALSE) -> ENZIMAS TRATAMENTO DE PAPADA | C16: =SERVIÇOS!F206 -> 99.1823 | D16: =SERVIÇOS!F215 -> 0.28093434 | E16: =C16+D16 -> 99.463234 | F16: =IF(E16=0,"",(E16*100)/(100-((G16/100)*10000))) -> 397.85294 | G16: 0.75 | H16: 80 | I16: =IF(H16="","",H16-E16) -> -19.463234 | J16: =IF(H16="","",I16/H16) -> -0.24329043
A17: 17 | B17: =VLOOKUP(A17,SERVIÇOS!A$1:L$1227,8,FALSE) -> ENZIMA CAPILAR FEM. | C17: =SERVIÇOS!L206 -> 37.1233 | D17: =SERVIÇOS!L215 -> 0 | E17: =C17+D17 -> 37.1233 | F17: =IF(E17=0,"",(E17*100)/(100-((G17/100)*10000))) -> 148.4932 | G17: 0.75 | H17: 130 | I17: =IF(H17="","",H17-E17) -> 92.8767 | J17: =IF(H17="","",I17/H17) -> 0.71443615
A18: 18 | B18: =VLOOKUP(A18,SERVIÇOS!A$1:L$1227,2,FALSE) -> ENZIMA GL | C18: =SERVIÇOS!F236 -> 44.9405 | D18: =SERVIÇOS!F245 -> 0 | E18: =C18+D18 -> 44.9405 | F18: =IF(E18=0,"",(E18*100)/(100-((G18/100)*10000))) -> 179.762 | G18: 0.75 | H18: 70 | I18: =IF(H18="","",H18-E18) -> 25.0595 | J18: =IF(H18="","",I18/H18) -> 0.35799286
A19: 18 | B19: =VLOOKUP(A19,SERVIÇOS!A$1:L$1227,8,FALSE) -> REJUVENESCIMENTO INTIMO | C19: =SERVIÇOS!L236 -> 9.4733333 | D19: =SERVIÇOS!L245 -> 0.022009154 | E19: =C19+D19 -> 9.4953425 | F19: =IF(E19=0,"",(E19*100)/(100-((G19/100)*10000))) -> 37.98137 | G19: 0.75 | H19: 40 | I19: =IF(H19="","",H19-E19) -> 30.504658 | J19: =IF(H19="","",I19/H19) -> 0.76261644
A20: 19 | B20: =VLOOKUP(A20,SERVIÇOS!A$1:L$1227,2,FALSE) -> STRIORT | C20: =SERVIÇOS!F266 -> 9.597 | D20: =SERVIÇOS!F275 -> 0.09927399 | E20: =C20+D20 -> 9.696274 | F20: =IF(E20=0,"",(E20*100)/(100-((G20/100)*10000))) -> 38.785096 | G20: 0.75 | H20: 80 | I20: =IF(H20="","",H20-E20) -> 70.303726 | J20: =IF(H20="","",I20/H20) -> 0.87879658
A21: 19 | B21: =VLOOKUP(A21,SERVIÇOS!A$1:L$1227,8,FALSE) -> CAVICELL | C21: =SERVIÇOS!L266 -> 2.66095 | D21: =SERVIÇOS!L275 -> 0.076546717 | E21: =C21+D21 -> 2.7374967 | F21: =IF(E21=0,"",(E21*100)/(100-((G21/100)*10000))) -> 10.949987 | G21: 0.75 | H21: 100 | I21: =IF(H21="","",H21-E21) -> 97.262503 | J21: =IF(H21="","",I21/H21) -> 0.97262503
A22: 20 | B22: =VLOOKUP(A22,SERVIÇOS!A$1:L$1227,2,FALSE) -> ELETROCAUTERIO | C22: =SERVIÇOS!F296 -> 60.11238 | D22: =SERVIÇOS!F305 -> 0.21070076 | E22: =C22+D22 -> 60.323081 | F22: =IF(E22=0,"",(E22*100)/(100-((G22/100)*10000))) -> 241.29232 | G22: 0.75 | H22: 150 | I22: =IF(H22="","",H22-E22) -> 89.676919 | J22: =IF(H22="","",I22/H22) -> 0.59784613
A23: 20 | B23: =VLOOKUP(A23,SERVIÇOS!A$1:L$1227,8,FALSE) -> PEELING DE DIAMANTE | C23: =SERVIÇOS!L296 -> 11.739833 | D23: =SERVIÇOS!L305 -> 0.14891098 | E23: =C23+D23 -> 11.888744 | F23: =IF(E23=0,"",(E23*100)/(100-((G23/100)*10000))) -> 47.554977 | G23: 0.75 | H23: 150 | I23: =IF(H23="","",H23-E23) -> 138.11126 | J23: =IF(H23="","",I23/H23) -> 0.9207417
A24: 21 | B24: =VLOOKUP(A24,SERVIÇOS!A$1:L$1227,2,FALSE) -> CRIOFREQUENCIA FACIAL | C24: =SERVIÇOS!F326 -> 4.072 | D24: =SERVIÇOS!F335 -> 0.81755051 | E24: =C24+D24 -> 4.8895505 | F24: =IF(E24=0,"",(E24*100)/(100-((G24/100)*10000))) -> 19.558202 | G24: 0.75 | H24: 120 | I24: =IF(H24="","",H24-E24) -> 115.11045 | J24: =IF(H24="","",I24/H24) -> 0.95925375
A25: 21 | B25: =VLOOKUP(A25,SERVIÇOS!A$1:L$1227,8,FALSE) -> CRIOFREQUENCIA CORPORAL | C25: =SERVIÇOS!L326 -> 8.189 | D25: =SERVIÇOS!L335 -> 0.81755051 | E25: =C25+D25 -> 9.0065505 | F25: =IF(E25=0,"",(E25*100)/(100-((G25/100)*10000))) -> 36.026202 | G25: 0.75 | H25: 120 | I25: =IF(H25="","",H25-E25) -> 110.99345 | J25: =IF(H25="","",I25/H25) -> 0.92494541
A26: 22 | B26: =VLOOKUP(A26,SERVIÇOS!A$1:L$1227,2,FALSE) -> TERAPIA COMBINADA | C26: =SERVIÇOS!F356 -> 9.7346632 | D26: =SERVIÇOS!F365 -> 0 | E26: =C26+D26 -> 9.7346632 | F26: =IF(E26=0,"",(E26*100)/(100-((G26/100)*10000))) -> 38.938653 | G26: 0.75 | I26: =IF(H26="","",H26-E26) | J26: =IF(H26="","",I26/H26)
A27: 22 | B27: =VLOOKUP(A27,SERVIÇOS!A$1:L$1227,8,FALSE) -> CARBOXITERAPIA | C27: =SERVIÇOS!L356 -> 1.7995 | D27: =SERVIÇOS!L365 -> 0 | E27: =C27+D27 -> 1.7995 | F27: =IF(E27=0,"",(E27*100)/(100-((G27/100)*10000))) -> 7.198 | G27: 0.75 | I27: =IF(H27="","",H27-E27) | J27: =IF(H27="","",I27/H27)
A28: 23 | B28: =VLOOKUP(A28,SERVIÇOS!A$1:L$1227,2,FALSE) -> MICROAGULHAMENTO ESTRIAS | C28: =SERVIÇOS!F386 -> 0 | D28: =SERVIÇOS!F395 -> 0 | E28: =C28+D28 -> 0 | F28: =IF(E28=0,"",(E28*100)/(100-((G28/100)*10000))) | G28: 0.75 | I28: =IF(H28="","",H28-E28) | J28: =IF(H28="","",I28/H28)
A29: 23 | B29: =VLOOKUP(A29,SERVIÇOS!A$1:L$1227,8,FALSE) -> MICROAGULHAMENTO DRUG DELIVERY | C29: =SERVIÇOS!L386 -> 49.946533 | D29: =SERVIÇOS!L395 -> 0 | E29: =C29+D29 -> 49.946533 | F29: =IF(E29=0,"",(E29*100)/(100-((G29/100)*10000))) -> 199.78613 | G29: 0.75 | I29: =IF(H29="","",H29-E29) | J29: =IF(H29="","",I29/H29)
A30: 24 | B30: =VLOOKUP(A30,SERVIÇOS!A$1:L$1227,2,FALSE) -> MICROAGULAMENTO CICATRIZ DE ACNE | C30: =SERVIÇOS!F416 -> 49.946533 | D30: =SERVIÇOS!F425 -> 0 | E30: =C30+D30 -> 49.946533 | F30: =IF(E30=0,"",(E30*100)/(100-((G30/100)*10000))) -> 199.78613 | G30: 0.75 | I30: =IF(H30="","",H30-E30) | J30: =IF(H30="","",I30/H30)
A31: 24 | B31: =VLOOKUP(A31,SERVIÇOS!A$1:L$1227,8,FALSE) -> MICROAGULHAMENTO REJUVENESCIMENTO | C31: =SERVIÇOS!L416 -> 49.789033 | D31: =SERVIÇOS!L425 -> 0 | E31: =C31+D31 -> 49.789033 | F31: =IF(E31=0,"",(E31*100)/(100-((G31/100)*10000))) -> 199.15613 | G31: 0.75 | I31: =IF(H31="","",H31-E31) | J31: =IF(H31="","",I31/H31)
A32: 25 | B32: =VLOOKUP(A32,SERVIÇOS!A$1:L$1227,2,FALSE) -> DEPILAÇÃO A LASER - SOPRANO PLATINUM | C32: =SERVIÇOS!F446 -> 19.635683 | D32: =SERVIÇOS!F455 -> 0 | E32: =C32+D32 -> 19.635683 | F32: =IF(E32=0,"",(E32*100)/(100-((G32/100)*10000))) -> 78.54273 | G32: 0.75 | I32: =IF(H32="","",H32-E32) | J32: =IF(H32="","",I32/H32)
A33: 25 | B33: =VLOOKUP(A33,SERVIÇOS!A$1:L$1227,8,FALSE) -> CORRENTE RUSSA | C33: =SERVIÇOS!L446 -> 2.7414 | D33: =SERVIÇOS!L455 -> 0 | E33: =C33+D33 -> 2.7414 | F33: =IF(E33=0,"",(E33*100)/(100-((G33/100)*10000))) -> 10.9656 | G33: 0.75 | I33: =IF(H33="","",H33-E33) | J33: =IF(H33="","",I33/H33)
A34: 26 | B34: =VLOOKUP(A34,SERVIÇOS!A$1:L$1227,2,FALSE) -> VULCAN ICE MAX PREMIUM ESSENCE | C34: =SERVIÇOS!F476 -> 42.3615 | D34: =SERVIÇOS!F485 -> 0 | E34: =C34+D34 -> 42.3615 | F34: =IF(E34=0,"",(E34*100)/(100-((G34/100)*10000))) -> 169.446 | G34: 0.75 | I34: =IF(H34="","",H34-E34) | J34: =IF(H34="","",I34/H34)
A35: 26 | B35: =VLOOKUP(A35,SERVIÇOS!A$1:L$1227,8,FALSE) -> VULCAN ICE MAX PREMIUM | C35: =SERVIÇOS!L476 -> 85.0945 | D35: =SERVIÇOS!L485 -> 0 | E35: =C35+D35 -> 85.0945 | F35: =IF(E35=0,"",(E35*100)/(100-((G35/100)*10000))) -> 340.378 | G35: 0.75 | I35: =IF(H35="","",H35-E35) | J35: =IF(H35="","",I35/H35)
A36: 27 | B36: =VLOOKUP(A36,SERVIÇOS!A$1:L$1227,2,FALSE) -> EFEITO PELE NOVA BIOAGE - VIT. C | C36: =SERVIÇOS!F506 -> 25.707 | D36: =SERVIÇOS!F515 -> 0 | E36: =C36+D36 -> 25.707 | F36: =IF(E36=0,"",(E36*100)/(100-((G36/100)*10000))) -> 102.828 | G36: 0.75 | I36: =IF(H36="","",H36-E36) | J36: =IF(H36="","",I36/H36)
A37: 27 | B37: =VLOOKUP(A37,SERVIÇOS!A$1:L$1227,8,FALSE) -> ACNE SOLUTION BIOAGE | C37: =SERVIÇOS!L506 -> 19.213815 | D37: =SERVIÇOS!L515 -> 0 | E37: =C37+D37 -> 19.213815 | F37: =IF(E37=0,"",(E37*100)/(100-((G37/100)*10000))) -> 76.85526 | G37: 0.75 | I37: =IF(H37="","",H37-E37) | J37: =IF(H37="","",I37/H37)
A38: 28 | B38: =VLOOKUP(A38,SERVIÇOS!A$1:L$1227,2,FALSE) -> ACNE SPEC - COSMOBEAUTY | C38: =SERVIÇOS!F536 -> 89.195 | D38: =SERVIÇOS!F545 -> 0 | E38: =C38+D38 -> 89.195 | F38: =IF(E38=0,"",(E38*100)/(100-((G38/100)*10000))) -> 356.78 | G38: 0.75 | I38: =IF(H38="","",H38-E38) | J38: =IF(H38="","",I38/H38)
A39: 28 | B39: =VLOOKUP(A39,SERVIÇOS!A$1:L$1227,8,FALSE) -> PÉROLAS ORIENTAIS - COSMOBEAUTY | C39: =SERVIÇOS!L536 -> 32.222333 | D39: =SERVIÇOS!L545 -> 0 | E39: =C39+D39 -> 32.222333 | F39: =IF(E39=0,"",(E39*100)/(100-((G39/100)*10000))) -> 128.88933 | G39: 0.75 | I39: =IF(H39="","",H39-E39) | J39: =IF(H39="","",I39/H39)
A40: 29 | B40: =VLOOKUP(A40,SERVIÇOS!A$1:L$1227,2,FALSE) -> PERFECT PEEL - BIOAGE | C40: =SERVIÇOS!F566 -> 23.626333 | D40: =SERVIÇOS!F575 -> 0 | E40: =C40+D40 -> 23.626333 | F40: =IF(E40=0,"",(E40*100)/(100-((G40/100)*10000))) -> 94.505333 | G40: 0.75 | I40: =IF(H40="","",H40-E40) | J40: =IF(H40="","",I40/H40)
A41: 29 | B41: =VLOOKUP(A41,SERVIÇOS!A$1:L$1227,8,FALSE) -> COLOR BIO-MASK COLLECTION - BIOAGE | C41: =SERVIÇOS!L566 -> 38.251154 | D41: =SERVIÇOS!L575 -> 0 | E41: =C41+D41 -> 38.251154 | F41: =IF(E41=0,"",(E41*100)/(100-((G41/100)*10000))) -> 153.00462 | G41: 0.75 | I41: =IF(H41="","",H41-E41) | J41: =IF(H41="","",I41/H41)
A42: 30 | B42: =VLOOKUP(A42,SERVIÇOS!A$1:L$1227,2,FALSE) -> PUMP GLUTEOS | C42: =SERVIÇOS!F596 -> 2.7813632 | D42: =SERVIÇOS!F605 -> 0 | E42: =C42+D42 -> 2.7813632 | F42: =IF(E42=0,"",(E42*100)/(100-((G42/100)*10000))) -> 11.125453 | G42: 0.75 | I42: =IF(H42="","",H42-E42) | J42: =IF(H42="","",I42/H42)
A43: 30 | B43: =VLOOKUP(A43,SERVIÇOS!A$1:L$1227,8,FALSE) -> BIO - MASK CARBOXY | C43: =SERVIÇOS!L596 -> 10.261667 | D43: =SERVIÇOS!L605 -> 0 | E43: =C43+D43 -> 10.261667 | F43: =IF(E43=0,"",(E43*100)/(100-((G43/100)*10000))) -> 41.046667 | G43: 0.75 | I43: =IF(H43="","",H43-E43) | J43: =IF(H43="","",I43/H43)
A44: 31 | B44: =VLOOKUP(A44,SERVIÇOS!A$1:L$1227,2,FALSE) -> ELETROLIPÓLISE | C44: =SERVIÇOS!F626 -> 17.8575 | D44: =SERVIÇOS!F635 -> 0 | E44: =C44+D44 -> 17.8575 | F44: =IF(E44=0,"",(E44*100)/(100-((G44/100)*10000))) -> 71.43 | G44: 0.75 | I44: =IF(H44="","",H44-E44) | J44: =IF(H44="","",I44/H44)
A45: 31 | B45: =VLOOKUP(A45,SERVIÇOS!A$1:L$1227,8,FALSE) -> MAGIC TOUCH | C45: =SERVIÇOS!L626 -> 26.095837 | D45: =SERVIÇOS!L635 -> 0 | E45: =C45+D45 -> 26.095837 | F45: =IF(E45=0,"",(E45*100)/(100-((G45/100)*10000))) -> 104.38335 | G45: 0.75 | I45: =IF(H45="","",H45-E45) | J45: =IF(H45="","",I45/H45)
A46: 32 | B46: =VLOOKUP(A46,SERVIÇOS!A$1:L$1227,2,FALSE) -> REVITALIZAÇÃO FACIAL | C46: =SERVIÇOS!F656 -> 31.543667 | D46: =SERVIÇOS!F665 -> 0 | E46: =C46+D46 -> 31.543667 | F46: =IF(E46=0,"",(E46*100)/(100-((G46/100)*10000))) -> 126.17467 | G46: 0.75 | I46: =IF(H46="","",H46-E46) | J46: =IF(H46="","",I46/H46)
A47: 32 | B47: =VLOOKUP(A47,SERVIÇOS!A$1:L$1227,8,FALSE) -> - | C47: =SERVIÇOS!L656 -> 0 | D47: =SERVIÇOS!L665 -> 0 | E47: =C47+D47 -> 0 | F47: =IF(E47=0,"",(E47*100)/(100-((G47/100)*10000))) | G47: 0.75 | I47: =IF(H47="","",H47-E47) | J47: =IF(H47="","",I47/H47)
A48: 33 | B48: =VLOOKUP(A48,SERVIÇOS!A$1:L$1227,2,FALSE) -> - | C48: =SERVIÇOS!F686 -> 0 | D48: =SERVIÇOS!F695 -> 0 | E48: =C48+D48 -> 0 | F48: =IF(E48=0,"",(E48*100)/(100-((G48/100)*10000))) | G48: 0.75 | I48: =IF(H48="","",H48-E48) | J48: =IF(H48="","",I48/H48)
A49: 33 | B49: =VLOOKUP(A49,SERVIÇOS!A$1:L$1227,8,FALSE) -> - | C49: =SERVIÇOS!L686 -> 0 | D49: =SERVIÇOS!L695 -> 0 | E49: =C49+D49 -> 0 | F49: =IF(E49=0,"",(E49*100)/(100-((G49/100)*10000))) | G49: 0.75 | I49: =IF(H49="","",H49-E49) | J49: =IF(H49="","",I49/H49)
A50: 34 | B50: =VLOOKUP(A50,SERVIÇOS!A$1:L$1227,2,FALSE) -> - | C50: =SERVIÇOS!F716 -> 0 | D50: =SERVIÇOS!F725 -> 0 | E50: =C50+D50 -> 0 | F50: =IF(E50=0,"",(E50*100)/(100-((G50/100)*10000))) | G50: 0.75 | I50: =IF(H50="","",H50-E50) | J50: =IF(H50="","",I50/H50)
A51: 34 | B51: =VLOOKUP(A51,SERVIÇOS!A$1:L$1227,8,FALSE) -> - | C51: =SERVIÇOS!L716 -> 0 | D51: =SERVIÇOS!L725 -> 0 | E51: =C51+D51 -> 0 | F51: =IF(E51=0,"",(E51*100)/(100-((G51/100)*10000))) | G51: 0.75 | I51: =IF(H51="","",H51-E51) | J51: =IF(H51="","",I51/H51)
A52: 35 | B52: =VLOOKUP(A52,SERVIÇOS!A$1:L$1227,2,FALSE) -> - | C52: =SERVIÇOS!F746 -> 0 | D52: =SERVIÇOS!F755 -> 0 | E52: =C52+D52 -> 0 | F52: =IF(E52=0,"",(E52*100)/(100-((G52/100)*10000))) | G52: 0.75 | I52: =IF(H52="","",H52-E52) | J52: =IF(H52="","",I52/H52)
A53: 35 | B53: =VLOOKUP(A53,SERVIÇOS!A$1:L$1227,8,FALSE) -> - | C53: =SERVIÇOS!L746 -> 0 | D53: =SERVIÇOS!L755 -> 0 | E53: =C53+D53 -> 0 | F53: =IF(E53=0,"",(E53*100)/(100-((G53/100)*10000))) | G53: 0.75 | I53: =IF(H53="","",H53-E53) | J53: =IF(H53="","",I53/H53)
A54: 36 | B54: =VLOOKUP(A54,SERVIÇOS!A$1:L$1227,2,FALSE) -> - | C54: =SERVIÇOS!F776 -> 0 | D54: =SERVIÇOS!F785 -> 0 | E54: =C54+D54 -> 0 | F54: =IF(E54=0,"",(E54*100)/(100-((G54/100)*10000))) | G54: 0.75 | I54: =IF(H54="","",H54-E54) | J54: =IF(H54="","",I54/H54)
A55: 36 | B55: =VLOOKUP(A55,SERVIÇOS!A$1:L$1227,8,FALSE) -> - | C55: =SERVIÇOS!L776 -> 0 | D55: =SERVIÇOS!L785 -> 0 | E55: =C55+D55 -> 0 | F55: =IF(E55=0,"",(E55*100)/(100-((G55/100)*10000))) | G55: 0.75 | I55: =IF(H55="","",H55-E55) | J55: =IF(H55="","",I55/H55)
A56: 37 | B56: =VLOOKUP(A56,SERVIÇOS!A$1:L$1227,2,FALSE) -> - | C56: =SERVIÇOS!F806 -> 0 | D56: =SERVIÇOS!F815 -> 0 | E56: =C56+D56 -> 0 | F56: =IF(E56=0,"",(E56*100)/(100-((G56/100)*10000))) | G56: 0.75 | I56: =IF(H56="","",H56-E56) | J56: =IF(H56="","",I56/H56)
A57: 37 | B57: =VLOOKUP(A57,SERVIÇOS!A$1:L$1227,8,FALSE) -> - | C57: =SERVIÇOS!L806 -> 0 | D57: =SERVIÇOS!L815 -> 0 | E57: =C57+D57 -> 0 | F57: =IF(E57=0,"",(E57*100)/(100-((G57/100)*10000))) | G57: 0.75 | I57: =IF(H57="","",H57-E57) | J57: =IF(H57="","",I57/H57)
A58: 38 | B58: =VLOOKUP(A58,SERVIÇOS!A$1:L$1227,2,FALSE) -> - | C58: =SERVIÇOS!F836 -> 0 | D58: =SERVIÇOS!F845 -> 0 | E58: =C58+D58 -> 0 | F58: =IF(E58=0,"",(E58*100)/(100-((G58/100)*10000))) | G58: 0.75 | I58: =IF(H58="","",H58-E58) | J58: =IF(H58="","",I58/H58)
A59: 38 | B59: =VLOOKUP(A59,SERVIÇOS!A$1:L$1227,8,FALSE) -> - | C59: =SERVIÇOS!L836 -> 0 | D59: =SERVIÇOS!L845 -> 0 | E59: =C59+D59 -> 0 | F59: =IF(E59=0,"",(E59*100)/(100-((G59/100)*10000))) | G59: 0.75 | I59: =IF(H59="","",H59-E59) | J59: =IF(H59="","",I59/H59)
A60: 39 | B60: =VLOOKUP(A60,SERVIÇOS!A$1:L$1227,2,FALSE) -> - | C60: =SERVIÇOS!F866 -> 0 | D60: =SERVIÇOS!F875 -> 0 | E60: =C60+D60 -> 0 | F60: =IF(E60=0,"",(E60*100)/(100-((G60/100)*10000))) | G60: 0.75 | I60: =IF(H60="","",H60-E60) | J60: =IF(H60="","",I60/H60)
A61: 39 | B61: =VLOOKUP(A61,SERVIÇOS!A$1:L$1227,8,FALSE) -> - | C61: =SERVIÇOS!L866 -> 0 | D61: =SERVIÇOS!L875 -> 0 | E61: =C61+D61 -> 0 | F61: =IF(E61=0,"",(E61*100)/(100-((G61/100)*10000))) | G61: 0.75 | I61: =IF(H61="","",H61-E61) | J61: =IF(H61="","",I61/H61)
A62: 40 | B62: =VLOOKUP(A62,SERVIÇOS!A$1:L$1227,2,FALSE) -> - | C62: =SERVIÇOS!F896 -> 0 | D62: =SERVIÇOS!F905 -> 0 | E62: =C62+D62 -> 0 | F62: =IF(E62=0,"",(E62*100)/(100-((G62/100)*10000))) | G62: 0.75 | I62: =IF(H62="","",H62-E62) | J62: =IF(H62="","",I62/H62)
A63: 40 | B63: =VLOOKUP(A63,SERVIÇOS!A$1:L$1227,8,FALSE) -> - | C63: =SERVIÇOS!L896 -> 0 | D63: =SERVIÇOS!L905 -> 0 | E63: =C63+D63 -> 0 | F63: =IF(E63=0,"",(E63*100)/(100-((G63/100)*10000))) | G63: 0.75 | I63: =IF(H63="","",H63-E63) | J63: =IF(H63="","",I63/H63)
A64: 41 | B64: =VLOOKUP(A64,SERVIÇOS!A$1:L$1227,2,FALSE) -> - | C64: =SERVIÇOS!F926 -> 0 | D64: =SERVIÇOS!F935 -> 0 | E64: =C64+D64 -> 0 | F64: =IF(E64=0,"",(E64*100)/(100-((G64/100)*10000))) | G64: 0.75 | I64: =IF(H64="","",H64-E64) | J64: =IF(H64="","",I64/H64)
A65: 41 | B65: =VLOOKUP(A65,SERVIÇOS!A$1:L$1227,8,FALSE) -> - | C65: =SERVIÇOS!L926 -> 0 | D65: =SERVIÇOS!L935 -> 0 | E65: =C65+D65 -> 0 | F65: =IF(E65=0,"",(E65*100)/(100-((G65/100)*10000))) | G65: 0.75 | I65: =IF(H65="","",H65-E65) | J65: =IF(H65="","",I65/H65)
A66: 42 | B66: =VLOOKUP(A66,SERVIÇOS!A$1:L$1227,2,FALSE) -> - | C66: =SERVIÇOS!F956 -> 0 | D66: =SERVIÇOS!F965 -> 0 | E66: =C66+D66 -> 0 | F66: =IF(E66=0,"",(E66*100)/(100-((G66/100)*10000))) | G66: 0.75 | I66: =IF(H66="","",H66-E66) | J66: =IF(H66="","",I66/H66)
A67: 42 | B67: =VLOOKUP(A67,SERVIÇOS!A$1:L$1227,8,FALSE) -> - | C67: =SERVIÇOS!L956 -> 0 | D67: =SERVIÇOS!L965 -> 0 | E67: =C67+D67 -> 0 | F67: =IF(E67=0,"",(E67*100)/(100-((G67/100)*10000))) | G67: 0.75 | I67: =IF(H67="","",H67-E67) | J67: =IF(H67="","",I67/H67)
A68: 43 | B68: =VLOOKUP(A68,SERVIÇOS!A$1:L$1227,2,FALSE) -> - | C68: =SERVIÇOS!F986 -> 0 | D68: =SERVIÇOS!F995 -> 0 | E68: =C68+D68 -> 0 | F68: =IF(E68=0,"",(E68*100)/(100-((G68/100)*10000))) | G68: 0.75 | I68: =IF(H68="","",H68-E68) | J68: =IF(H68="","",I68/H68)
A69: 43 | B69: =VLOOKUP(A69,SERVIÇOS!A$1:L$1227,8,FALSE) -> - | C69: =SERVIÇOS!L986 -> 0 | D69: =SERVIÇOS!L995 -> 0 | E69: =C69+D69 -> 0 | F69: =IF(E69=0,"",(E69*100)/(100-((G69/100)*10000))) | G69: 0.75 | I69: =IF(H69="","",H69-E69) | J69: =IF(H69="","",I69/H69)
A70: 44 | B70: =VLOOKUP(A70,SERVIÇOS!A$1:L$1227,2,FALSE) -> - | C70: =SERVIÇOS!F1016 -> 0 | D70: =SERVIÇOS!F1025 -> 0 | E70: =C70+D70 -> 0 | F70: =IF(E70=0,"",(E70*100)/(100-((G70/100)*10000))) | G70: 0.75 | I70: =IF(H70="","",H70-E70) | J70: =IF(H70="","",I70/H70)
A71: 44 | B71: =VLOOKUP(A71,SERVIÇOS!A$1:L$1227,8,FALSE) -> - | C71: =SERVIÇOS!L1016 -> 0 | D71: =SERVIÇOS!L1025 -> 0 | E71: =C71+D71 -> 0 | F71: =IF(E71=0,"",(E71*100)/(100-((G71/100)*10000))) | G71: 0.75 | I71: =IF(H71="","",H71-E71) | J71: =IF(H71="","",I71/H71)
A72: 45 | B72: =VLOOKUP(A72,SERVIÇOS!A$1:L$1227,2,FALSE) -> - | C72: =SERVIÇOS!F1046 -> 0 | D72: =SERVIÇOS!F1055 -> 0 | E72: =C72+D72 -> 0 | F72: =IF(E72=0,"",(E72*100)/(100-((G72/100)*10000))) | G72: 0.75 | I72: =IF(H72="","",H72-E72) | J72: =IF(H72="","",I72/H72)
A73: 45 | B73: =VLOOKUP(A73,SERVIÇOS!A$1:L$1227,8,FALSE) -> - | C73: =SERVIÇOS!L1046 -> 0 | D73: =SERVIÇOS!L1055 -> 0 | E73: =C73+D73 -> 0 | F73: =IF(E73=0,"",(E73*100)/(100-((G73/100)*10000))) | G73: 0.75 | I73: =IF(H73="","",H73-E73) | J73: =IF(H73="","",I73/H73)
B75: PRODUTOS REVENDA | F75: CUSTO | G75: VLR VENDA | H75: MC R$ | I75: MC%
B76: ='PROD. REVENDA'!B3 -> CELLU SHOK | F76: ='PROD. REVENDA'!D3 -> 55 | G76: ='PROD. REVENDA'!E3 -> 75 | H76: =IF(G76="", "",G76-F76) -> 20 | I76: =IFERROR(IF(G76="", "",H76/G76), "") -> 0.26666667
B77: ='PROD. REVENDA'!B4 -> BODY REDUX CREME | F77: ='PROD. REVENDA'!D4 -> 55 | G77: ='PROD. REVENDA'!E4 -> 80 | H77: =IF(G77="", "",G77-F77) -> 25 | I77: =IFERROR(IF(G77="", "",H77/G77), "") -> 0.3125
B78: ='PROD. REVENDA'!B5 -> BLUR HD COM COR | F78: ='PROD. REVENDA'!D5 -> 92 | G78: ='PROD. REVENDA'!E5 -> 130 | H78: =IF(G78="", "",G78-F78) -> 38 | I78: =IFERROR(IF(G78="", "",H78/G78), "") -> 0.29230769
B79: ='PROD. REVENDA'!B6 -> MELANOSE PREMIUM COSMOBEAUTY | F79: ='PROD. REVENDA'!D6 -> 155.94 | G79: ='PROD. REVENDA'!E6 -> 200 | H79: =IF(G79="", "",G79-F79) -> 44.06 | I79: =IFERROR(IF(G79="", "",H79/G79), "") -> 0.2203
B80: ='PROD. REVENDA'!B7 -> PROTETOR VULCANICE COSMOBEAUTY | F80: ='PROD. REVENDA'!D7 -> 51.54 | G80: ='PROD. REVENDA'!E7 -> 81 | H80: =IF(G80="", "",G80-F80) -> 29.46 | I80: =IFERROR(IF(G80="", "",H80/G80), "") -> 0.3637037
B81: ='PROD. REVENDA'!B8 -> SABONETE MOUSSE PLASTIC CLAREANCE COSMOBEAUTY | F81: ='PROD. REVENDA'!D8 -> 52 | G81: ='PROD. REVENDA'!E8 -> 80 | H81: =IF(G81="", "",G81-F81) -> 28 | I81: =IFERROR(IF(G81="", "",H81/G81), "") -> 0.35
B82: ='PROD. REVENDA'!B9 -> SABONTE MOUSSE ANTI-OX COSMOBEAUTY | F82: ='PROD. REVENDA'!D9 -> 52 | G82: ='PROD. REVENDA'!E9 -> 80 | H82: =IF(G82="", "",G82-F82) -> 28 | I82: =IFERROR(IF(G82="", "",H82/G82), "") -> 0.35
B83: ='PROD. REVENDA'!B10 -> ESPUMA DE LIMPEZA VULCANICE | F83: ='PROD. REVENDA'!D10 -> 52 | G83: ='PROD. REVENDA'!E10 -> 80 | H83: =IF(G83="", "",G83-F83) -> 28 | I83: =IFERROR(IF(G83="", "",H83/G83), "") -> 0.35
B84: ='PROD. REVENDA'!B11 -> LOÇÃO TÔNICA BIO-C BIOAGE | F84: ='PROD. REVENDA'!D11 -> 0 | G84: ='PROD. REVENDA'!E11 -> 70 | H84: =IF(G84="", "",G84-F84) -> 70 | I84: =IFERROR(IF(G84="", "",H84/G84), "") -> 1
B85: ='PROD. REVENDA'!B12 -> REST-DERM COSMOBEAUTY | F85: ='PROD. REVENDA'!D12 -> 91.74 | G85: ='PROD. REVENDA'!E12 -> 130 | H85: =IF(G85="", "",G85-F85) -> 38.26 | I85: =IFERROR(IF(G85="", "",H85/G85), "") -> 0.29430769
B86: ='PROD. REVENDA'!B13 -> DMAE CREME ANTI-RUGAS BOTHANICA | F86: ='PROD. REVENDA'!D13 -> 80 | G86: ='PROD. REVENDA'!E13 -> 120 | H86: =IF(G86="", "",G86-F86) -> 40 | I86: =IFERROR(IF(G86="", "",H86/G86), "") -> 0.33333333
B87: ='PROD. REVENDA'!B14 -> 0 | F87: ='PROD. REVENDA'!D14 -> 0 | G87: ='PROD. REVENDA'!E14 -> 0 | H87: =IF(G87="", "",G87-F87) -> 0 | I87: =IFERROR(IF(G87="", "",H87/G87), "")
... B341: ='PROD. REVENDA'!B268 -> 0 | F341: ='PROD. REVENDA'!D268 -> 0 | G341: ='PROD. REVENDA'!E268 -> 0 | H341: =IF(G341="", "",G341-F341) -> 0 | I341: =IFERROR(IF(G341="", "",H341/G341), "")

Sheet SIMULAÇÃO VENDA
B1: SIMULAÇÃO DE VENDA
G3: 1.064 | H3: 1.16 | I3: 1.27
B4: SERVIÇO / TRATAMENTO | C4: SESSÃO | D4: QUANT SESSÕES | E4: M.C. | F4: VLR NORMAL | G4: À VISTA
B5: =PRECIFICAÇÃO!B4 -> LIMPEZA DE PELE | C5: =PRECIFICAÇÃO!H4 -> 120 | D5: 1 | E5: =PRECIFICAÇÃO!J4 -> 0.85894167 | F5: =C5*D5 -> 120 | G5: =ROUNDUP((F5*$G$3),0) -> 128 | H5: =ROUNDUP((F5*$H$3),0) -> 140 | I5: =ROUNDUP((F5*$I$3),0) -> 153
B6: =PRECIFICAÇÃO!B5 -> CRIOLIPOLISE DE PLACAS | C6: =PRECIFICAÇÃO!H5 -> 80 | D6: 1 | E6: =PRECIFICAÇÃO!J5 -> 0.43446514 | F6: =C6*D6 -> 80 | G6: =ROUNDUP((F6*$G$3),0) -> 86 | H6: =ROUNDUP((F6*$H$3),0) -> 93 | I6: =ROUNDUP((F6*$I$3),0) -> 102
B7: =PRECIFICAÇÃO!B6 -> DETOX INFRA- RED | C7: =PRECIFICAÇÃO!H6 -> 80 | D7: 1 | E7: =PRECIFICAÇÃO!J6 -> 0.93871253 | F7: =C7*D7 -> 80 | G7: =ROUNDUP((F7*$G$3),0) -> 86 | H7: =ROUNDUP((F7*$H$3),0) -> 93 | I7: =ROUNDUP((F7*$I$3),0) -> 102
B8: =PRECIFICAÇÃO!B7 -> POWER MODELADORA | C8: =PRECIFICAÇÃO!H7 -> 50 | D8: 1 | E8: =PRECIFICAÇÃO!J7 -> 0.89987562 | F8: =C8*D8 -> 50 | G8: =ROUNDUP((F8*$G$3),0) -> 54 | H8: =ROUNDUP((F8*$H$3),0) -> 58 | I8: =ROUNDUP((F8*$I$3),0) -> 64
B9: =PRECIFICAÇÃO!B8 -> MASSAGEM RELAXANTE | C9: =PRECIFICAÇÃO!H8 -> 100 | D9: 1 | E9: =PRECIFICAÇÃO!J8 -> 0.97825132 | F9: =C9*D9 -> 100 | G9: =ROUNDUP((F9*$G$3),0) -> 107 | H9: =ROUNDUP((F9*$H$3),0) -> 116 | I9: =ROUNDUP((F9*$I$3),0) -> 127
B10: =PRECIFICAÇÃO!B9 -> DRENAGEM LINFÁTICA MANUAL | C10: =PRECIFICAÇÃO!H9 -> 100 | D10: 1 | E10: =PRECIFICAÇÃO!J9 -> 0.97659537 | F10: =C10*D10 -> 100 | G10: =ROUNDUP((F10*$G$3),0) -> 107 | H10: =ROUNDUP((F10*$H$3),0) -> 116 | I10: =ROUNDUP((F10*$I$3),0) -> 127
B11: =PRECIFICAÇÃO!B10 -> ULTRAFOCCUS FACIAL | C11: =PRECIFICAÇÃO!H10 -> 100 | D11: 1 | E11: =PRECIFICAÇÃO!J10 -> 0.93542056 | F11: =C11*D11 -> 100 | G11: =ROUNDUP((F11*$G$3),0) -> 107 | H11: =ROUNDUP((F11*$H$3),0) -> 116 | I11: =ROUNDUP((F11*$I$3),0) -> 127
B12: =PRECIFICAÇÃO!B11 -> ULTAFOCCUS CORPORAL | C12: =PRECIFICAÇÃO!H11 -> 100 | D12: 1 | E12: =PRECIFICAÇÃO!J11 -> 0.95379144 | F12: =C12*D12 -> 100 | G12: =ROUNDUP((F12*$G$3),0) -> 107 | H12: =ROUNDUP((F12*$H$3),0) -> 116 | I12: =ROUNDUP((F12*$I$3),0) -> 127
B13: =PRECIFICAÇÃO!B12 -> RADIOFREQUENCIA FACIAL | C13: =PRECIFICAÇÃO!H12 -> 50 | D13: 1 | E13: =PRECIFICAÇÃO!J12 -> 0.74271889 | F13: =C13*D13 -> 50 | G13: =ROUNDUP((F13*$G$3),0) -> 54 | H13: =ROUNDUP((F13*$H$3),0) -> 58 | I13: =ROUNDUP((F13*$I$3),0) -> 64
B14: =PRECIFICAÇÃO!B13 -> RADIOFREQUENCIA CORPORAL | C14: =PRECIFICAÇÃO!H13 -> 120 | D14: 1 | E14: =PRECIFICAÇÃO!J13 -> 0.97831333 | F14: =C14*D14 -> 120 | G14: =ROUNDUP((F14*$G$3),0) -> 128 | H14: =ROUNDUP((F14*$H$3),0) -> 140 | I14: =ROUNDUP((F14*$I$3),0) -> 153
B15: =PRECIFICAÇÃO!B14 -> ENZIMAS EMAGRECIMENTO | C15: =PRECIFICAÇÃO!H14 -> 230 | D15: 1 | E15: =PRECIFICAÇÃO!J14 -> 0.89378152 | F15: =C15*D15 -> 230 | G15: =ROUNDUP((F15*$G$3),0) -> 245 | H15: =ROUNDUP((F15*$H$3),0) -> 267 | I15: =ROUNDUP((F15*$I$3),0) -> 293
B16: =PRECIFICAÇÃO!B15 -> ENZIMAS CAPILAR MASC. | C16: =PRECIFICAÇÃO!H15 -> 80 | D16: 1 | E16: =PRECIFICAÇÃO!J15 -> 0.48675562 | F16: =C16*D16 -> 80 | G16: =ROUNDUP((F16*$G$3),0) -> 86 | H16: =ROUNDUP((F16*$H$3),0) -> 93 | I16: =ROUNDUP((F16*$I$3),0) -> 102
... B71: =PRECIFICAÇÃO!B70 -> - | C71: =PRECIFICAÇÃO!H70 -> 0 | D71: 1 | E71: =PRECIFICAÇÃO!J70 | F71: =C71*D71 -> 0 | G71: =ROUNDUP((F71*$G$3),0) -> 0 | H71: =ROUNDUP((F71*$H$3),0) -> 0 | I71: =ROUNDUP((F71*$I$3),0) -> 0

Sheet FATURAMENTO MENSAL
B1: FATURAMENTO MENSAL
B5: ESTIMATIVA DO FATURAMENTO MENSAL DA EMPRESA | D5: TOTAL | E5: =E8+E84 -> 26312
B7: SERVIÇOS / PRODUTOS | C7: Estimativa de Vendas | D7: Preço de Venda | E7: FATURAMENTO
B8: SERVIÇOS | E8: =SUM(E9:E83) -> 24620
B9: =PRECIFICAÇÃO!B4 -> LIMPEZA DE PELE | C9: 8 | D9: =PRECIFICAÇÃO!H4 -> 120 | E9: =IF(D9="","",C9*D9) -> 960
B10: =PRECIFICAÇÃO!B5 -> CRIOLIPOLISE DE PLACAS | C10: 6 | D10: =PRECIFICAÇÃO!H5 -> 80 | E10: =IF(D10="","",C10*D10) -> 480
B11: =PRECIFICAÇÃO!B6 -> DETOX INFRA- RED | C11: 30 | D11: =PRECIFICAÇÃO!H6 -> 80 | E11: =IF(D11="","",C11*D11) -> 2400
B12: =PRECIFICAÇÃO!B7 -> POWER MODELADORA | C12: 40 | D12: =PRECIFICAÇÃO!H7 -> 50 | E12: =IF(D12="","",C12*D12) -> 2000
B13: =PRECIFICAÇÃO!B8 -> MASSAGEM RELAXANTE | C13: 4 | D13: =PRECIFICAÇÃO!H8 -> 100 | E13: =IF(D13="","",C13*D13) -> 400
B14: =PRECIFICAÇÃO!B9 -> DRENAGEM LINFÁTICA MANUAL | C14: 3 | D14: =PRECIFICAÇÃO!H9 -> 100 | E14: =IF(D14="","",C14*D14) -> 300
B15: =PRECIFICAÇÃO!B10 -> ULTRAFOCCUS FACIAL | C15: 4 | D15: =PRECIFICAÇÃO!H10 -> 100 | E15: =IF(D15="","",C15*D15) -> 400
B16: =PRECIFICAÇÃO!B11 -> ULTAFOCCUS CORPORAL | C16: 30 | D16: =PRECIFICAÇÃO!H11 -> 100 | E16: =IF(D16="","",C16*D16) -> 3000
B17: =PRECIFICAÇÃO!B12 -> RADIOFREQUENCIA FACIAL | C17: 10 | D17: =PRECIFICAÇÃO!H12 -> 50 | E17: =IF(D17="","",C17*D17) -> 500
B18: =PRECIFICAÇÃO!B13 -> RADIOFREQUENCIA CORPORAL | C18: 2 | D18: =PRECIFICAÇÃO!H13 -> 120 | E18: =IF(D18="","",C18*D18) -> 240
B19: =PRECIFICAÇÃO!B14 -> ENZIMAS EMAGRECIMENTO | C19: 4 | D19: =PRECIFICAÇÃO!H14 -> 230 | E19: =IF(D19="","",C19*D19) -> 920
B20: =PRECIFICAÇÃO!B15 -> ENZIMAS CAPILAR MASC. | C20: 0 | D20: =PRECIFICAÇÃO!H15 -> 80 | E20: =IF(D20="","",C20*D20) -> 0
... B31: =PRECIFICAÇÃO!B26 -> TERAPIA COMBINADA | C31: 0 | D31: =PRECIFICAÇÃO!H26 -> 0 | E31: =IF(D31="","",C31*D31) -> 0
B32: =PRECIFICAÇÃO!B27 -> CARBOXITERAPIA | D32: =PRECIFICAÇÃO!H27 -> 0 | E32: =IF(D32="","",C32*D32) -> 0
B33: =PRECIFICAÇÃO!B28 -> MICROAGULHAMENTO ESTRIAS | C33: 0 | D33: =PRECIFICAÇÃO!H28 -> 0 | E33: =IF(D33="","",C33*D33) -> 0
B34: =PRECIFICAÇÃO!B29 -> MICROAGULHAMENTO DRUG DELIVERY | C34: 0 | D34: =PRECIFICAÇÃO!H29 -> 0 | E34: =IF(D34="","",C34*D34) -> 0
B35: =PRECIFICAÇÃO!B30 -> MICROAGULAMENTO CICATRIZ DE ACNE | C35: 0 | D35: =PRECIFICAÇÃO!H30 -> 0 | E35: =IF(D35="","",C35*D35) -> 0
B36: =PRECIFICAÇÃO!B31 -> MICROAGULHAMENTO REJUVENESCIMENTO | C36: 0 | D36: =PRECIFICAÇÃO!H31 -> 0 | E36: =IF(D36="","",C36*D36) -> 0
B37: =PRECIFICAÇÃO!B32 -> DEPILAÇÃO A LASER - SOPRANO PLATINUM | C37: 0 | D37: =PRECIFICAÇÃO!H32 -> 0 | E37: =IF(D37="","",C37*D37) -> 0
B38: =PRECIFICAÇÃO!B33 -> CORRENTE RUSSA | C38: 0 | D38: =PRECIFICAÇÃO!H33 -> 0 | E38: =IF(D38="","",C38*D38) -> 0
B39: =PRECIFICAÇÃO!B34 -> VULCAN ICE MAX PREMIUM ESSENCE | C39: 0 | D39: =PRECIFICAÇÃO!H34 -> 0 | E39: =IF(D39="","",C39*D39) -> 0
B40: =PRECIFICAÇÃO!B35 -> VULCAN ICE MAX PREMIUM | C40: 0 | D40: =PRECIFICAÇÃO!H35 -> 0 | E40: =IF(D40="","",C40*D40) -> 0
B41: =PRECIFICAÇÃO!B36 -> EFEITO PELE NOVA BIOAGE - VIT. C | C41: 0 | D41: =PRECIFICAÇÃO!H36 -> 0 | E41: =IF(D41="","",C41*D41) -> 0
B42: =PRECIFICAÇÃO!B37 -> ACNE SOLUTION BIOAGE | C42: 0 | D42: =PRECIFICAÇÃO!H37 -> 0 | E42: =IF(D42="","",C42*D42) -> 0
B43: =PRECIFICAÇÃO!B38 -> ACNE SPEC - COSMOBEAUTY | C43: 0 | D43: =PRECIFICAÇÃO!H38 -> 0 | E43: =IF(D43="","",C43*D43) -> 0
B44: =PRECIFICAÇÃO!B39 -> PÉROLAS ORIENTAIS - COSMOBEAUTY | C44: 0 | D44: =PRECIFICAÇÃO!H39 -> 0 | E44: =IF(D44="","",C44*D44) -> 0
... B77: =PRECIFICAÇÃO!B72 -> - | C77: 0 | D77: =PRECIFICAÇÃO!H72 -> 0 | E77: =IF(D77="","",C77*D77) -> 0
C78: 0 | D78: 50 | E78: =IF(D78="","",C78*D78) -> 0
C79: 0 | D79: 80 | E79: =IF(D79="","",C79*D79) -> 0
C80: 0 | E80: =IF(D80="","",C80*D80)
C81: 0 | E81: =IF(D81="","",C81*D81)
C82: 0 | E82: =IF(D82="","",C82*D82)
C83: 0 | E83: =IF(D83="","",C83*D83)
B84: PRODUTOS REVENDA | E84: =SUM(E86:E352) -> 1692
B85: SERVIÇOS / PRODUTOS | C85: Estimativa de Vendas | D85: Preço de Venda | E85: FATURAMENTO
B86: ='PROD. REVENDA'!B3 -> CELLU SHOK | C86: 2 | D86: ='PROD. REVENDA'!E3 -> 75 | E86: =IF(D86="","",C86*D86) -> 150
B87: ='PROD. REVENDA'!B4 -> BODY REDUX CREME | C87: 2 | D87: ='PROD. REVENDA'!E4 -> 80 | E87: =IF(D87="","",C87*D87) -> 160
B88: ='PROD. REVENDA'!B5 -> BLUR HD COM COR | C88: 5 | D88: ='PROD. REVENDA'!E5 -> 130 | E88: =IF(D88="","",C88*D88) -> 650
B89: ='PROD. REVENDA'!B6 -> MELANOSE PREMIUM COSMOBEAUTY | C89: 1 | D89: ='PROD. REVENDA'!E6 -> 200 | E89: =IF(D89="","",C89*D89) -> 200
B90: ='PROD. REVENDA'!B7 -> PROTETOR VULCANICE COSMOBEAUTY | C90: 2 | D90: ='PROD. REVENDA'!E7 -> 81 | E90: =IF(D90="","",C90*D90) -> 162
B91: ='PROD. REVENDA'!B8 -> SABONETE MOUSSE PLASTIC CLAREANCE COSMOBEAUTY | C91: 0 | D91: ='PROD. REVENDA'!E8 -> 80 | E91: =IF(D91="","",C91*D91) -> 0
B92: ='PROD. REVENDA'!B9 -> SABONTE MOUSSE ANTI-OX COSMOBEAUTY | C92: 1 | D92: ='PROD. REVENDA'!E9 -> 80 | E92: =IF(D92="","",C92*D92) -> 80
B93: ='PROD. REVENDA'!B10 -> ESPUMA DE LIMPEZA VULCANICE | C93: 2 | D93: ='PROD. REVENDA'!E10 -> 80 | E93: =IF(D93="","",C93*D93) -> 160
B94: ='PROD. REVENDA'!B11 -> LOÇÃO TÔNICA BIO-C BIOAGE | C94: 0 | D94: ='PROD. REVENDA'!E11 -> 70 | E94: =IF(D94="","",C94*D94) -> 0
B95: ='PROD. REVENDA'!B12 -> REST-DERM COSMOBEAUTY | C95: 1 | D95: ='PROD. REVENDA'!E12 -> 130 | E95: =IF(D95="","",C95*D95) -> 130
B96: ='PROD. REVENDA'!B13 -> DMAE CREME ANTI-RUGAS BOTHANICA | C96: 0 | D96: ='PROD. REVENDA'!E13 -> 120 | E96: =IF(D96="","",C96*D96) -> 0
B97: ='PROD. REVENDA'!B14 -> 0 | C97: 0 | D97: ='PROD. REVENDA'!E14 -> 0 | E97: =IF(D97="","",C97*D97) -> 0
... B351: ='PROD. REVENDA'!B268 -> 0 | C351: 0 | D351: ='PROD. REVENDA'!E268 -> 0 | E351: =IF(D351="","",C351*D351) -> 0
C352: 0 | E352: =IF(D352="","",C352*D352)

Sheet CUSTO VARIAVEL
B1: CUSTO VARIÁVEL
B5: CUSTO SERVIÇOS / PRODUTOS | F5: TOTAL | H5: =SUM(H8:H351) -> 6022.6157
B6: SERVIÇOS / PRODUTOS | D6: Estimativa de Vendas | E6: X | F6: CUSTO | G6: = | H6: CMD / CMV
B7: SERVIÇOS
B8: ='FATURAMENTO MENSAL'!B9 -> LIMPEZA DE PELE | D8: ='FATURAMENTO MENSAL'!C9 -> 8 | F8: =PRECIFICAÇÃO!E4 -> 16.927 | H8: =IF(F8="","",D8*F8) -> 135.416
B9: ='FATURAMENTO MENSAL'!B10 -> CRIOLIPOLISE DE PLACAS | D9: ='FATURAMENTO MENSAL'!C10 -> 6 | F9: =PRECIFICAÇÃO!E5 -> 45.242789 | H9: =IF(F9="","",D9*F9) -> 271.45673
B10: ='FATURAMENTO MENSAL'!B11 -> DETOX INFRA- RED | D10: ='FATURAMENTO MENSAL'!C11 -> 30 | F10: =PRECIFICAÇÃO!E6 -> 4.9029974 | H10: =IF(F10="","",D10*F10) -> 147.08992
B11: ='FATURAMENTO MENSAL'!B12 -> POWER MODELADORA | D11: ='FATURAMENTO MENSAL'!C12 -> 40 | F11: =PRECIFICAÇÃO!E7 -> 5.0062189 | H11: =IF(F11="","",D11*F11) -> 200.24876
B12: ='FATURAMENTO MENSAL'!B13 -> MASSAGEM RELAXANTE | D12: ='FATURAMENTO MENSAL'!C13 -> 4 | F12: =PRECIFICAÇÃO!E8 -> 2.1748684 | H12: =IF(F12="","",D12*F12) -> 8.6994737
B13: ='FATURAMENTO MENSAL'!B14 -> DRENAGEM LINFÁTICA MANUAL | D13: ='FATURAMENTO MENSAL'!C14 -> 3 | F13: =PRECIFICAÇÃO!E9 -> 2.3404632 | H13: =IF(F13="","",D13*F13) -> 7.0213895
B14: ='FATURAMENTO MENSAL'!B15 -> ULTRAFOCCUS FACIAL | D14: ='FATURAMENTO MENSAL'!C15 -> 4 | F14: =PRECIFICAÇÃO!E10 -> 6.4579444 | H14: =IF(F14="","",D14*F14) -> 25.831778
B15: ='FATURAMENTO MENSAL'!B16 -> ULTAFOCCUS CORPORAL | D15: ='FATURAMENTO MENSAL'!C16 -> 30 | F15: =PRECIFICAÇÃO!E11 -> 4.6208556 | H15: =IF(F15="","",D15*F15) -> 138.62567
B16: ='FATURAMENTO MENSAL'!B17 -> RADIOFREQUENCIA FACIAL | D16: ='FATURAMENTO MENSAL'!C17 -> 10 | F16: =PRECIFICAÇÃO!E12 -> 12.864056 | H16: =IF(F16="","",D16*F16) -> 128.64056
B17: ='FATURAMENTO MENSAL'!B18 -> RADIOFREQUENCIA CORPORAL | D17: ='FATURAMENTO MENSAL'!C18 -> 2 | F17: =PRECIFICAÇÃO!E13 -> 2.6024 | H17: =IF(F17="","",D17*F17) -> 5.2048
B18: ='FATURAMENTO MENSAL'!B19 -> ENZIMAS EMAGRECIMENTO | D18: ='FATURAMENTO MENSAL'!C19 -> 4 | F18: =PRECIFICAÇÃO!E14 -> 24.43025 | H18: =IF(F18="","",D18*F18) -> 97.721
B19: ='FATURAMENTO MENSAL'!B20 -> ENZIMAS CAPILAR MASC. | D19: ='FATURAMENTO MENSAL'!C20 -> 0 | F19: =PRECIFICAÇÃO!E15 -> 41.05955 | H19: =IF(F19="","",D19*F19) -> 0
... B76: ='FATURAMENTO MENSAL'!B77 -> - | D76: ='FATURAMENTO MENSAL'!C77 -> 0 | F76: =PRECIFICAÇÃO!E72 -> 0 | H76: =IF(F76="","",D76*F76) -> 0
F77: 0 | H77: =IF(F77="","",D77*F77) -> 0
H78: =IF(F78="","",D78*F78)
H79: =IF(F79="","",D79*F79)
H80: =IF(F80="","",D80*F80)
H81: =IF(F81="","",D81*F81)
H82: =IF(F82="","",D82*F82)
H83: =IF(F83="","",D83*F83)
B84: PRODUTOS REVENDA
B85: ='FATURAMENTO MENSAL'!B86 -> CELLU SHOK | D85: ='FATURAMENTO MENSAL'!C86 -> 2 | F85: =PRECIFICAÇÃO!F76 -> 55 | H85: =IF(F85="","",D85*F85) -> 110
B86: ='FATURAMENTO MENSAL'!B87 -> BODY REDUX CREME | D86: ='FATURAMENTO MENSAL'!C87 -> 2 | F86: =PRECIFICAÇÃO!F77 -> 55 | H86: =IF(F86="","",D86*F86) -> 110
B87: ='FATURAMENTO MENSAL'!B88 -> BLUR HD COM COR | D87: ='FATURAMENTO MENSAL'!C88 -> 5 | F87: =PRECIFICAÇÃO!F78 -> 92 | H87: =IF(F87="","",D87*F87) -> 460
B88: ='FATURAMENTO MENSAL'!B89 -> MELANOSE PREMIUM COSMOBEAUTY | D88: ='FATURAMENTO MENSAL'!C89 -> 1 | F88: =PRECIFICAÇÃO!F79 -> 155.94 | H88: =IF(F88="","",D88*F88) -> 155.94
B89: ='FATURAMENTO MENSAL'!B90 -> PROTETOR VULCANICE COSMOBEAUTY | D89: ='FATURAMENTO MENSAL'!C90 -> 2 | F89: =PRECIFICAÇÃO!F80 -> 51.54 | H89: =IF(F89="","",D89*F89) -> 103.08
B90: ='FATURAMENTO MENSAL'!B91 -> SABONETE MOUSSE PLASTIC CLAREANCE COSMOBEAUTY | D90: ='FATURAMENTO MENSAL'!C91 -> 0 | F90: =PRECIFICAÇÃO!F81 -> 52 | H90: =IF(F90="","",D90*F90) -> 0
B91: ='FATURAMENTO MENSAL'!B92 -> SABONTE MOUSSE ANTI-OX COSMOBEAUTY | D91: ='FATURAMENTO MENSAL'!C92 -> 1 | F91: =PRECIFICAÇÃO!F82 -> 52 | H91: =IF(F91="","",D91*F91) -> 52
B92: ='FATURAMENTO MENSAL'!B93 -> ESPUMA DE LIMPEZA VULCANICE | D92: ='FATURAMENTO MENSAL'!C93 -> 2 | F92: =PRECIFICAÇÃO!F83 -> 52 | H92: =IF(F92="","",D92*F92) -> 104
B93: ='FATURAMENTO MENSAL'!B94 -> LOÇÃO TÔNICA BIO-C BIOAGE | D93: ='FATURAMENTO MENSAL'!C94 -> 0 | F93: =PRECIFICAÇÃO!F84 -> 0 | H93: =IF(F93="","",D93*F93) -> 0
B94: ='FATURAMENTO MENSAL'!B95 -> REST-DERM COSMOBEAUTY | D94: ='FATURAMENTO MENSAL'!C95 -> 1 | F94: =PRECIFICAÇÃO!F85 -> 91.74 | H94: =IF(F94="","",D94*F94) -> 91.74
B95: ='FATURAMENTO MENSAL'!B96 -> DMAE CREME ANTI-RUGAS BOTHANICA | D95: ='FATURAMENTO MENSAL'!C96 -> 0 | F95: =PRECIFICAÇÃO!F86 -> 80 | H95: =IF(F95="","",D95*F95) -> 0
B96: ='FATURAMENTO MENSAL'!B97 -> 0 | D96: ='FATURAMENTO MENSAL'!C97 -> 0 | F96: =PRECIFICAÇÃO!F87 -> 0 | H96: =IF(F96="","",D96*F96) -> 0
... B350: ='FATURAMENTO MENSAL'!B351 -> 0 | D350: ='FATURAMENTO MENSAL'!C351 -> 0 | F350: =PRECIFICAÇÃO!F341 -> 0 | H350: =IF(F350="","",D350*F350) -> 0
D351: ='FATURAMENTO MENSAL'!C352 -> 0 | H351: =IF(F351="","",D351*F351)

Sheet DESPESAS FIXAS
B2: DESPESAS FIXAS
B6: DESPESAS FIXAS OPERACIONAIS
B8: TOTAL | D8: =SUM(D11:D41) -> 11735.869
B10: Descrição | D10: Total Mensal
A11: 1 | B11: SALÁRIOS + ENCARGOS | D11: ='MÃO DE OBRA'!S24 -> 3024
A12: 2 | B12: RESERVA - SALÁRIOS | D12: ='MÃO DE OBRA'!S22 -> 721.56
A13: 3 | B13: PRÓ-LABORE | D13: 0
A14: 4 | B14: DEPRECIAÇÃO EQUIPAMENTOS | D14: =EQUIPAMENTOS!H8 -> 2956.0592
A15: 5 | B15: ALUGUEL | D15: 3000
A16: 6 | B16: ÁGUA | D16: 80
A17: 7 | B17: IPTU | D17: =2000/12 -> 166.66667
A18: 8 | B18: ENERGIA ELÉTRICA | D18: 300
A19: 9 | B19: TELEFONE / INTERNET | D19: 190
A20: 10 | B20: HONORÁRIOS CONTADOR | D20: 153
A21: 11 | B21: CREFITO | D21: =475/12 -> 39.583333
A22: 12 | B22: LICENÇA PALAZZO | D22: 480
A23: 14 | B23: MATERIAL LIMPEZA | D23: 250
A24: 15 | B24: MAT. ESCRITÓRIO | D24: 30
A25: 17 | B25: INVEST. CURSOS
A26: 18 | B26: TARIFAS BANCÁRIAS | D26: 75
A27: 19 | B27: SISTEMA | D27: 0
A28: 20 | B28: MARKETING | D28: 0
A29: 21 | B29: COLETA DE RESÍDUOS | D29: 45
A30: 22 | B30: COMBUSTIVEL | D30: 100
A31: 23 | B31: ALARME/SEGURANCA | D31: 125
A32: 24
A33: 25
A34: 26
A35: 27
A36: 28
A37: 29
A38: 30
A39: 31
A40: 32
A41: 33

Sheet MÃO DE OBRA
A1: SIMPLES NACIONAL
A2: ENCARGOS SALARIAIS - FUNCIONÁRIOS | E2: MÃO DE OBRA
A3: Encargos Trabalhistas: | B3: Alíquota(%)
A4: PROVISÃO FÉRIAS + 1/3 | B4: 0.1111
A5: PROVISÃO 13º SALÁRIO | B5: 0.0833
A6: PREVISÃO 13º / FÉRIAS | B6: 0.0233 | E6: CUSTOS COM FUNCIONÁRIOS
A7: Total Encargos Trabalhistas(%) | B7: =SUM(B3:B6) -> 0.2177
E8: FUNCIONÁRIAS | F8: Coluna1 | G8: SALÁRIO | H8: CLT? | I8: Encargos Sociais (%) | J8: Coluna22 | K8: Encargos Sociais (R$) | L8: Coluna23 | M8: Salários c/ Encargos | N8: Coluna5 | O8: GRATIFICAÇÃO | P8: Coluna6 | Q8: VR + VT | R8: Coluna24 | S8: TOTAL
A9: Encargos Sociais: | B9: Alíquota(%) | D9: 1 | E9: SECRETARIA | G9: 1000 | I9: =$B$18 -> 0.3377 | K9: =G9*I9 -> 337.7 | M9: =G9+K9 -> 1337.7 | O9: 0 | Q9: 0 | S9: =M9+O9+Q9 -> 1337.7
A10: INSS | B10: 0 | D10: 2 | E10: ESTETICISTA | G10: 1800 | I10: =$B$18 -> 0.3377 | K10: =G10*I10 -> 607.86 | M10: =G10+K10 -> 2407.86 | O10: 0 | Q10: 0 | S10: =M10+O10+Q10 -> 2407.86
A11: SAT/RAT | B11: 0 | D11: 3 | G11: 0 | I11: =$B$18 -> 0.3377 | K11: =G11*I11 -> 0 | M11: =G11+K11 -> 0 | O11: 0 | Q11: 0 | S11: =M11+O11+Q11 -> 0
A12: SALÁRIO EDUCAÇÃO | B12: 0 | D12: 4 | G12: 0 | I12: =$B$18 -> 0.3377 | K12: =G12*I12 -> 0 | M12: =G12+K12 -> 0 | O12: 0 | Q12: 0 | S12: =M12+O12+Q12 -> 0
A13: INCRA/SEST/SEBRAE/SENAT | B13: 0 | D13: 5 | G13: 0 | I13: =$B$18 -> 0.3377 | K13: =G13*I13 -> 0 | M13: =G13+K13 -> 0 | O13: 0 | Q13: 0 | S13: =M13+O13+Q13 -> 0
A14: FGTS | B14: 0.08 | D14: 6 | G14: 0 | I14: =$B$18 -> 0.3377 | K14: =G14*I14 -> 0 | M14: =G14+K14 -> 0 | O14: 0 | Q14: 0 | S14: =M14+O14+Q14 -> 0
A15: FGTS/PROVISÃO DE MULTA RESCISÃO | B15: 0.04 | D15: 7 | G15: 0 | I15: =$B$18 -> 0.3377 | K15: =G15*I15 -> 0 | M15: =G15+K15 -> 0 | O15: 0 | Q15: 0 | S15: =M15+O15+Q15 -> 0
A16: Total Encargos Sociais(%) | B16: =SUM(B10:B15) -> 0.12 | D16: 8 | G16: 0 | I16: =$B$18 -> 0.3377 | K16: =G16*I16 -> 0 | M16: =G16+K16 -> 0 | O16: 0 | Q16: 0 | S16: =M16+O16+Q16 -> 0
D17: 9 | G17: 0 | I17: =$B$18 -> 0.3377 | K17: =G17*I17 -> 0 | M17: =G17+K17 -> 0 | O17: 0 | Q17: 0 | S17: =M17+O17+Q17 -> 0
A18: Total de Encargos(%) | B18: =B7+B16 -> 0.3377 | D18: 10 | G18: 0 | I18: =$B$18 -> 0.3377 | K18: =G18*I18 -> 0 | M18: =G18+K18 -> 0 | O18: 0 | Q18: 0 | S18: =M18+O18+Q18 -> 0
A20: RESERVA - MENSAL | B20: =B7+B16-B14 -> 0.2577 | E20: TOTAL | G20: =SUM(G9:G19) -> 2800 | K20: =SUM(K9:K19) -> 945.56 | M20: =SUM(M9:M18) -> 3745.56 | O20: =SUM(O9:O19) -> 0 | Q20: =SUM(Q9:Q19) -> 0 | S20: =SUM(S9:S19) -> 3745.56
Q22: RESERVA - PROVISIONAMENTO | S22: =$G$20*$B$20 -> 721.56
Q24: TOTAL FOLHA PAGAMENTO | S24: =S20-S22 -> 3024

Sheet CUSTO COMERCIAL
B2: PLANO FINANCEIRO
B6: CUSTOS DE OPERAÇÃO
B8: Descrição | D8: Percentual (%) | E8: X | F8: FATURAMENTO | G8: = | H8: Custo Total
B9: 1. Impostos
B10: Impostos Federais
B11: SIMPLES | D11: 0.06 | H11: =D11*F11 -> 0
B12: IRPJ | D12: 0 | H12: =D12*F12 -> 0
B13: PIS | D13: 0 | H13: =D13*F13 -> 0
B14: COFINS | D14: 0 | H14: =D14*F14 -> 0
B15: IPI | D15: 0 | H15: =D15*F15 -> 0
B16: CSLL | D16: 0 | H16: =D16*F16 -> 0
B17: Impostos Estaduais
B18: ICMS | D18: 0 | F18: ='FATURAMENTO MENSAL'!$E$5 -> 26312 | H18: =D18*F18 -> 0
B19: Impostos Municipais
B20: ISS | D20: 0 | F20: ='FATURAMENTO MENSAL'!$E$5 -> 26312 | H20: =D20*F20 -> 0
F22: Subtotal 1 | H22: =SUM(H11:H20) -> 0
B24: 2. Gastos com Vendas
B25: COMISSÃO - | D25: 0.6198 | H25: =D25*F25 -> 0
B26: COMISSÃO - | D26: 0.6198 | H26: =D26*F26 -> 0
B27: COMISSÃO - | D27: 0.6198 | H27: =D27*F27 -> 0
B28: COMISSÃO - | D28: 0.6198 | H28: =D28*F28 -> 0
B29: DÉBITO | D29: 0.0235 | F29: 5000 | H29: =D29*F29 -> 117.5
B30: CRÉDITO À VISTA | D30: 0.0349 | F30: 10000 | H30: =D30*F30 -> 349
B31: PARCELADO 2 - 6 | D31: 0.0489 | F31: 0 | H31: =D31*F31 -> 0
B32: PARCELADO 7 - 12 | D32: 0.0589 | F32: 0 | H32: =D32*F32 -> 0
B33: ANTECIPAÇÃO | D33: 0.024
F35: Subtotal 2 | H35: =SUM(H25:H32) -> 466.5
F37: TOTAL | H37: =H22+H35 -> 466.5

Sheet DEMONSTRATIVO
B2: PLANO FINANCEIRO
B7: DEMONSTRATIVO DE RESULTADOS
B9: QUADRO | D9: Descrição | F9: Valor (R$) | H9: Percentual (%)
B10: 1 | D10: 1. Receita Total com Vendas | F10: ='FATURAMENTO MENSAL'!E5 -> 26312 | H10: =H16+H20+H22 -> 1
D12: 2. Custos Variáveis Totais
B13: 2 | D13: (-) CMD ou CMV | F13: ='CUSTO VARIAVEL'!H5 -> 6022.6157 | H13: =IF(F10=0,0,F13/$F$10) -> 0.22889236
B14: 3 (subtotal 1) | D14: (-) Impostos Sobre Vendas | F14: ='CUSTO COMERCIAL'!H22 -> 0 | H14: =IF(F11=0,0,F14/$F$10) -> 0
B15: 4 (subtotal 2) | D15: (-) Gastos com Vendas | F15: ='CUSTO COMERCIAL'!H35 -> 466.5 | H15: =IF(F12=0,0,F15/$F$10) -> 0
D16: Subtotal de 2. | F16: =SUM(F13:F15) -> 6489.1157 | H16: =IF(F13=0,0,F16/$F$10) -> 0.24662191
D18: 3. Margem de Contribuição (1-2) | F18: =F10-F16 -> 19822.884 | H18: =IF(F10=0,0,F18/$F$10) -> 0.75337809
B20: 3 | D20: 4. (-) Custos Fixos Totais | F20: ='DESPESAS FIXAS'!D8 -> 11735.869 | H20: =IF(F10=0,0,F20/$F$10) -> 0.44602726
D22: 5. Resultado Operacional Líquido (Lucro ou Prejuízo) (3-4) | F22: =F18-F20 -> 8087.0151 | H22: =IF(F10=0,0,F22/$F$10) -> 0.30735083

Sheet PONTO DE EQUILIBRIO
B2: PLANO FINANCEIRO
B6: CÁLCULO DO PONTO DE EQUILÍBRIO
B9: CUSTO FIXO TOTAL | E9: = | F9: =DEMONSTRATIVO!F20 -> 11735.869 | G9: =F9 -> 11735.869
B10: MARGEM DE CONTRIBUIÇÃO | E10: = | F10: =DEMONSTRATIVO!H18 -> 0.75337809 | H10: % | M10: $$$
B11: LUCRO DESEJADO | E11: = | F11: =IF(H11="",M11,'FATURAMENTO MENSAL'!E5*'PONTO DE EQUILIBRIO'!H11) -> 9209.2 | H11: 0.35 | L11: OU
B14: PONTO DE EQUILÍBRIO | F14: CUSTO FIXO TOTAL | K14: =F9 -> 11735.869
E15: = | J15: = | O15: = | P15: =IF(F10=0,0,K14/K16) -> 15577.662
F16: MARGEM DE CONTRIBUIÇÃO | K16: =F10 -> 0.75337809
B18: PONTO DE EQUILÍBRIO ECONÔMICO | F18: CUSTO FIXO TOTAL + LUCRO | K18: =F9+F11 -> 20945.069
E19: = | J19: = | O19: = | P19: =IF(F10=0,0,K18/K20) -> 27801.537
F20: MARGEM DE CONTRIBUIÇÃO | K20: =F10 -> 0.75337809

Sheet PAINEL
C3: METRICAS OPERACIONAIS
B10: Notas:
B11: A estrutua de custos esta divida em trê partes para que o gestor possa acompanhar suas alterações.
B12: Nas despesas fixas já estão inclusos custos com mão de obra, depreciação de equipamentos mas não esta incluído o valor locação de equipamentos quando for o caso.
B13: O custo variavel sofrerá alterações de acordo com o faturamento da empresa pois reflete o uso de insumos utilizados nos protocolos e demais atendimentos.
B14: Nos custos de operação já esta a provisão de IR.
B38: Para garantir que protocolos e mercadorias vendidas contribuam para manutenção das demais despesas da empresa e obtenção de lucros é preciso análisar a margem de contribuição.
B39: A empresa esta com margem negativa em determinado serviço/produto quando a linha verde do gráfico cruzar a linha de 0%, ou seja, o produto não é rentavel.
B40: O valor do serviço/produto representado pela linha vermelha não pode estar dentro da coluna azul,
B84: No grafico de faturamento é possivel estimar o valor total de vendas de produtos e serviços em um mês.
B85: A ultima barra, em verde, é a soma do faturamento de serviços e produtos.
B161: Os pontos de equilibrio da empresa são representados abaixo:
B162: P.E Custo: soma das despesas fixas e custos variaveis. Ponto do gráfico onde a empresa garante que todas as depesas são pagas.
... B164: A RECEITA TOTAL da empresa deve esta acima dos P.E para que a empresa possa dizer que houve LUCRO excedente. Não é ideal que esteja abaixo do PONTO DE EQUILIBRIO.
